Cogmind - Beta 16.1 @@@ ROGUE MODE // 2026.03.02 @ 19:18:24 Player: shockman27 Result: Destroyed by L-61 Swordsman with Power Sword Performance ------------- Evolutions (7) 3500 Regions Visited (30) 6000 Robots Destroyed (458) 2290 Value Destroyed (24206) 24206 Prototype IDs (43) 860 Alien Tech Used (0) 0 Bonus (15713) 15713 TOTAL SCORE: 52569 Bonus ------- High Alert Combat Kills 3732 Follower Combat Kills 4213 Entered Garrisons 1400 Used RIF Installer 4000 Network Hubs Disabled 400 Aligned with FarCom 300 Met R17 at Cetus 500 Met R17 at Research 2000 Friendly Fire -832 Cogmind --------- Core Integrity 0/1300 Matter 175/300 Energy 84/100 System Corruption 2% Temperature Cool (0) Movement Core (100) Ox1 Location -3/Garrison Parts ------- > --- POWER (2) -------- (None) > --- PROPULSION (6) --- (None) > --- UTILITY (9) ------ Experimental Signal Interpreter Propulsion Shielding > --- WEAPON (4) ------- Phasing Sabre > --- INVENTORY (5) ---- Long-range Tractor Beam YOLO Cannon Peak State ------------ > --- POWER ------------ Quantum Reactor Quantum Reactor > --- PROPULSION ------- Medium Treads Medium Treads Medium Treads Medium Treads Centrium Heavy Treads > --- UTILITY ---------- Advanced Cryofiber Web Advanced Heat Sink Advanced Heat Sink Experimental Heat Sink Huge Storage Unit Experimental Signal Interpreter Centrium Heavy Armor Plating Graphene Brace > --- WEAPON ----------- Gamma Rifle Enhanced Force Rifle Enhanced Force Rifle Quantum Rifle > --- INVENTORY -------- Micro Antimatter Reactor Improved Treads Medium Treads Medium Treads Medium Treads High-capacity Matter Pod Advanced Transmission Jammer Cloak of Protection Force Field Relay Coupler [Proto] Dynamic Insulation System Long-range Tractor Beam Gamma Rifle Advanced Variable Charge Gun Matter Neutralizer Nova Cannon YOLO Cannon Coil Gun Coil Gun Railgun Railgun Advanced Remote Datajack Phasing Sabre [Rating: 155] Favorites ----------- Power Antimatter Reactor Engine Improved Ion Engine Power Core Nuclear Core Reactor Antimatter Reactor Propulsion Heavy Treads Treads Heavy Treads Leg Myomer Leg Wheel Wheel Utility Huge Storage Unit Device Improved Cooling System Storage Huge Storage Unit Processor Advanced Signal Interpreter Hackware Relay Coupler [NC] Protection Hardened Medium Armor Plating Weapon Enhanced Autogun Energy Gun Cooled Plasma Rifle Energy Cannon Beam Cannon Ballistic Gun Enhanced Autogun Ballistic Cannon Light Cannon Launcher Heavy Rocket Launcher Special Weapon Remote Datajack Impact Weapon Hammer Slashing Weapon Falx Piercing Weapon Heavy Pick Special Melee Weapon Datajack Build | -11 -10 -10 -10 -9 -8 -8 -8 -7 -7 -7 -7 -7 -7 -6 -6 -6 -6 -5 -5 -5 -5 -5 -5 -4 -4 -4 -4 -4 -3 -3 ------- Run | Yrd Mat Min Exi Min Mat Gar Mat Fac Was Fac Gar Fac Gar Fac Was Fac Gar Fac Was Fac Gar Fac Gar Fac Ext Cet Arc Hub Res Gar Slots Evolved 14 | . . . . . 4 . . 2 . . . . . 2 . . . 2 . . . . . 2 . . . . 2 . Power 1 | . . . . . . . . . . . . . . . . . . . . . . . . . . . . . 1 . Propulsion 4 | . . . . . 2 . . . . . . . . . . . . 2 . . . . . . . . . . . . Utility 7 | . . . . . 1 . . 2 . . . . . 2 . . . . . . . . . 1 . . . . 1 . Weapon 2 | . . . . . 1 . . . . . . . . . . . . . . . . . . 1 . . . . . . Parts Attached 338 | 7 10 4 3 5 29 8 24 7 12 5 3 11 10 18 7 26 13 6 6 6 9 1 7 10 27 11 6 8 37 2 Power 28 | 1 . 1 . 2 2 . 2 1 1 . . . 1 3 1 3 . . 1 . . . . . 3 1 . 1 4 . Engine 5 | 1 . 1 . 2 . . 1 . . . . . . . . . . . . . . . . . . . . . . . Core 7 | . . . . . 2 . 1 1 . . . . . 1 . 2 . . . . . . . . . . . . . . Reactor 16 | . . . . . . . . . 1 . . . 1 2 1 1 . . 1 . . . . . 3 1 . 1 4 . Propulsion 61 | 2 2 1 . . 8 2 9 . 2 . . . 2 4 2 2 . 1 2 . . . . . 7 2 4 1 8 . Treads 51 | 2 1 1 . . 7 2 9 . 2 . . . 2 1 2 2 . 1 2 . . . . . 7 2 4 1 3 . Leg 5 | . . . . . . . . . . . . . . 1 . . . . . . . . . . . . . . 4 . Wheel 5 | . 1 . . . 1 . . . . . . . . 2 . . . . . . . . . . . . . . 1 . Hover . | . . . . . . . . . . . . . . . . . . . . . . . . . . . . . . . Flight . | . . . . . . . . . . . . . . . . . . . . . . . . . . . . . . . Utility 132 | 2 2 . 2 2 8 1 4 4 7 4 . 5 3 6 4 14 7 4 2 6 5 . 6 6 7 5 1 4 9 2 Device 60 | 1 . . . 2 2 . 3 1 4 1 . 2 1 3 2 6 3 2 1 4 1 . . 4 6 2 . 2 6 1 Storage 6 | 1 1 . 2 . 1 . . . . . . . . . . . . . . . 1 . . . . . . . . . Processor 12 | . . . . . 1 1 . 2 . 2 . 1 . . . 3 . 1 . . . . . 1 . . . . . . Hackware 20 | . . . . . 1 . . . 1 . . 1 . . 1 3 2 1 . 1 1 . 4 1 . . 1 1 1 . Protection 34 | . 1 . . . 3 . 1 1 2 1 . 1 2 3 1 2 2 . 1 1 2 . 2 . 1 3 . 1 2 1 Artifact . | . . . . . . . . . . . . . . . . . . . . . . . . . . . . . . . Weapon 117 | 2 6 2 1 1 11 5 9 2 2 1 3 6 4 5 . 7 6 1 1 . 4 1 1 4 10 3 1 2 16 . Energy Gun 20 | . 1 . . . 1 2 1 . . . 1 . . . . . 2 1 . . 1 . . . 2 1 . 2 5 . Energy Cannon 12 | . 1 . . . 1 . 1 . . . 1 2 . 1 . 1 . . . . . 1 . 1 . . . . 2 . Ballistic Gun 55 | 2 . 1 . . 6 2 4 1 . 1 . 3 4 3 . 4 3 . 1 . 1 . 1 1 7 2 1 . 7 . Ballistic Cannon 8 | . 3 . . . 2 . . . 1 . 1 1 . . . . . . . . . . . . . . . . . . Launcher 5 | . . . . 1 . 1 2 . . . . . . . . 1 . . . . . . . . . . . . . . Special Weapon 7 | . . . . . . . . 1 . . . . . 1 . 1 1 . . . 1 . . . 1 . . . 1 . Impact Weapon 2 | . 1 . . . 1 . . . . . . . . . . . . . . . . . . . . . . . . . Slashing Weapon 4 | . . 1 . . . . 1 . 1 . . . . . . . . . . . . . . . . . . . 1 . Piercing Weapon 2 | . . . . . . . . . . . . . . . . . . . . . . . . 2 . . . . . . Special Melee Weapon 2 | . . . 1 . . . . . . . . . . . . . . . . . 1 . . . . . . . . . Unidentified Prototypes 15 | . . . . . 2 . . 1 . . . . . 1 . 2 . 2 . . . . . 1 . 4 . . 2 . Corrupted Parts 2 | . . . . . . . . . . . . . . . 1 . . . . . . . . . . . . . 1 . System Corruption 11 | . . . . . . . . . . . . . . . 10 . . . . . . . . . . . . . 1 . Parts Lost 89 | . . . . 4 . . 1 . . . . . 6 . . 9 3 . . . 1 . . 1 14 5 . 7 35 3 Power 11 | . . . . 1 . . . . . . . . 1 . . 2 . . . . . . . . 2 . . . 5 . Propulsion 20 | . . . . . . . . . . . . . 2 . . 2 . . . . . . . . 3 4 . 1 8 . Utility 33 | . . . . 1 . . 1 . . . . . 2 . . 3 3 . . . . . . 1 6 . . 4 10 2 Weapon 25 | . . . . 2 . . . . . . . . 1 . . 2 . . . . 1 . . . 3 1 . 2 12 1 Highest Loss Streak 23 | . . . . 4 . . 1 . . . . . 3 . . 2 1 . . . 1 . . 1 8 3 . 2 23 2 To Critical Strikes 1 | . . . . 1 . . . . . . . . . . . . . . . . . . . . . . . . . . Average Backups 19 | 4 13 15 17 17 21 23 23 23 19 18 17 18 18 20 21 17 20 20 21 19 18 19 18 18 19 17 20 20 17 3 Power . | . 1 1 1 . . 1 1 1 1 1 1 1 . 1 1 . . 1 1 1 1 1 1 1 1 1 1 1 . . Propulsion 2 | 1 4 4 4 4 3 3 3 4 3 3 3 3 2 2 2 2 1 . 1 2 2 2 2 2 1 . 2 2 1 . Utility 8 | . 4 5 6 8 9 9 10 9 8 8 8 8 8 10 12 8 9 9 10 7 8 9 8 8 8 8 8 9 6 1 Weapon 6 | 1 3 4 5 4 6 8 8 7 7 5 4 5 5 5 6 4 8 9 8 8 6 6 6 6 7 6 7 6 7 2 Tool/Special . | . . . . . . . . . . . . . . . . . . . . . . . . . . . . . . . Unused Backups 70 | . 8 1 . . 11 1 6 1 7 . . . 4 4 4 4 3 . 3 . 3 . 1 . 3 1 3 . 2 . Power 13 | . 1 1 . . . . . 1 1 . . . 1 1 . 2 . . 1 . . . . . 3 1 . . . . Propulsion 13 | . 3 . . . 1 . 2 . 3 . . . 1 1 2 . . . . . . . . . . . . . . . Utility 30 | . 3 . . . 9 . 2 . 2 . . . 2 1 2 1 1 . 2 . . . 1 . . . 3 . 1 . Weapon 13 | . 1 . . . 1 1 2 . 1 . . . . 1 . . 2 . . . 3 . . . . . . . 1 . Tool/Special 1 | . . . . . . . . . . . . . . . . 1 . . . . . . . . . . . . . . Average Slot Usage (%) 89 | . 99 100 100 99 98 99 99 99 87 84 83 84 80 84 66 84 80 81 64 76 81 82 80 83 85 88 89 82 86 42 Engine 2 | . 13 14 14 14 . . . . . . . . . . . . . . . . . . . . . . . . . . Core 2 | . . . . . 8 9 8 7 1 . . . . . . . 6 5 1 . . . . . . . . . . . Reactor 3 | . . . . . . . . . 5 7 7 7 7 6 6 5 . . 3 5 5 5 5 5 4 5 5 5 8 2 Treads 22 | . 26 27 28 28 35 36 35 30 18 15 15 15 15 12 13 12 13 17 17 17 17 17 17 15 18 20 21 21 20 . Device 12 | . 11 14 14 9 . . 5 14 11 15 23 16 15 24 6 15 17 14 . 16 17 17 13 16 19 19 15 14 23 5 Storage 7 | . 14 14 14 14 9 9 9 7 7 7 7 7 7 6 6 6 6 5 5 5 5 5 5 5 5 5 5 5 3 . Processor 3 | . . . . . . 6 . 13 4 . . 3 7 6 . 4 . 4 5 5 5 5 5 5 5 5 5 5 4 4 Hackware 4 | . . . . . 8 9 3 . 6 6 . 2 . . 5 9 4 7 5 5 5 5 6 5 5 5 5 1 1 3 Protection 5 | . 2 . . 4 8 2 8 1 5 7 7 7 6 6 6 7 11 5 4 1 5 5 6 7 5 6 10 8 1 1 Energy Gun 2 | . . . . . 3 11 1 . . . . . . . . . . 4 5 5 5 11 7 7 7 5 3 6 10 4 Energy Cannon 2 | . 2 14 . 11 4 1 1 1 3 . . . . 1 6 5 . . . . . . . 3 1 3 . . 1 . Ballistic Gun 11 | . 12 5 . 1 12 7 21 17 7 20 17 17 17 11 6 10 14 7 5 5 7 5 5 5 9 11 15 11 3 3 Ballistic Cannon 1 | . 10 5 . 12 3 . . . . . . . . . . . . . . . . . . . . . . . . . Slashing Weapon 2 | . . 2 14 . 2 3 3 3 3 1 4 4 1 4 . 2 1 1 . 1 1 . . 4 . . . . . 1 Peak Build Rating 155 | 7 8 12 16 21 38 37 42 58 70 75 81 80 79 98 91 94 90 105 105 107 105 105 109 122 123 137 145 146 155 92 Average Rating 67 | 6 7 10 14 13 29 35 36 54 63 67 71 76 70 83 86 85 81 99 103 104 103 104 106 116 114 114 142 138 132 61 On Entrance 74 | . 7 8 12 16 14 38 36 41 58 70 72 72 79 71 87 91 85 82 100 104 105 105 105 107 122 118 137 145 126 91 Avg Prop Armor Cover (%) 8 | . 12 13 . . . 5 . . . . . . . . . . . . . . . . . . . . . . 2 2 Naked Turns . | . . . . . . . . . . . . . . . . . . . . . . . . . . . . . . . Heaviest Build 169 | 15 32 34 91 55 108 106 109 110 119 117 117 117 121 162 158 135 151 149 155 155 129 126 156 139 136 139 140 169 168 36 Greatest Support 210 | 40 40 40 40 40 80 80 82 82 140 140 140 140 140 140 140 140 140 210 210 210 210 210 210 210 210 196 206 206 192 95 Greatest Overweight (x) 6 | . 3 3 2 1 1 1 1 1 1 . . . . 4 1 . 1 . . . . . . . . 1 . . 6 1 Average Overweight (x) . | . . . 1 1 . 1 1 1 . . . . . . 1 . . . . . . . . . . . . . . . Largest Inventory Capacity 25 | 8 15 15 25 20 25 25 25 25 25 25 25 25 25 25 25 25 25 25 25 25 25 25 25 25 25 25 25 25 25 5 Average Capacity 23 | 7 14 15 21 20 22 25 25 25 25 25 25 25 25 25 25 25 25 25 25 25 25 25 25 25 25 25 25 25 23 5 Most Carried 25 | 6 15 15 20 20 25 25 25 25 25 25 25 25 25 25 25 25 25 25 25 25 25 25 25 25 25 25 25 25 25 5 Average Carried 22 | 4 13 14 17 18 22 24 24 24 24 25 24 24 24 24 24 24 24 24 24 24 24 25 24 24 23 21 24 22 18 4 Final Capacity 25 | 8 15 15 20 20 25 25 25 25 25 25 25 25 25 25 25 25 25 25 25 25 25 25 25 25 25 25 25 25 5 5 Final Carried 25 | 6 15 15 19 20 25 25 25 25 25 25 25 25 25 25 25 25 25 22 25 25 25 25 25 25 25 24 25 18 4 3 Class Distribution -------------------- 36% | Scavenger-Tank 19% | Mutant 13% | Scavenger-Mutant 11% | Skirmisher 6% | Scavenger-Skirmisher 4% | Scavenger-Assassin 3% | Tank 3% | Assassin Dominant Class ---------------- Mutant | -10/Materials Mutant | -10/Mines Mutant | -10/Exiles Mutant | -9/Mines Scavenger-Skirmisher | -8/Materials Skirmisher | -8/Garrison Skirmisher | -8/Materials Assassin | -7/Factory Scavenger-Mutant | -7/Waste Scavenger-Tank | -7/Factory Scavenger-Mutant | -7/Garrison Scavenger-Mutant | -7/Factory Scavenger-Tank | -7/Garrison Scavenger-Assassin | -6/Factory Scavenger-Tank | -6/Waste Scavenger-Tank | -6/Factory Scavenger-Tank | -6/Garrison Scavenger-Tank | -5/Factory Scavenger-Tank | -5/Waste Scavenger-Skirmisher | -5/Factory Scavenger-Tank | -5/Garrison Scavenger-Tank | -5/Factory Scavenger-Tank | -5/Garrison Scavenger-Tank | -4/Factory Scavenger-Tank | -4/Extension Scavenger-Tank | -4/Cetus Scavenger-Tank | -4/Archives Scavenger-Tank | -4/Hub_04(d) Scavenger-Tank | -3/Research Scavenger-Tank | -3/Garrison Resources | -11 -10 -10 -10 -9 -8 -8 -8 -7 -7 -7 -7 -7 -7 -6 -6 -6 -6 -5 -5 -5 -5 -5 -5 -4 -4 -4 -4 -4 -3 -3 ----------- Run | Yrd Mat Min Exi Min Mat Gar Mat Fac Was Fac Gar Fac Gar Fac Was Fac Gar Fac Was Fac Gar Fac Gar Fac Ext Cet Arc Hub Res Gar Matter Collected 20541 | 306 721 186 . 441 1482 685 2663 478 725 306 501 383 1088 1373 390 1990 1452 165 186 160 377 . 555 413 1110 347 211 1015 832 . Remotely 238 | . . . . . . . . . . . . . . . . . . . . . . . . . . . . 238 . . Salvage Created 25678 | 89 763 267 . 163 1367 611 2711 278 1773 466 532 322 1003 1049 1597 2550 1277 122 531 . 576 19 541 303 1829 518 353 2244 1669 155 Parts 1108 | 13 54 10 . 17 78 37 159 12 33 22 21 14 42 42 24 110 69 2 8 . 33 3 31 14 82 12 18 79 64 5 Haulers Intercepted 15 | . 2 . . . 2 . 6 1 . 3 . . . . . . . . . . . . . . . . . . 1 . Recyclers Shooed 19 | . 1 . . . 1 . 3 . . 1 . . . 1 . 10 . . . . . . . . . . . . 2 . Parts Field Recycled . | . . . . . . . . . . . . . . . . . . . . . . . . . . . . . . . Retrieved Matter . | . . . . . . . . . . . . . . . . . . . . . . . . . . . . . . . Parts Self-Destructed . | . . . . . . . . . . . . . . . . . . . . . . . . . . . . . . . Prevented . | . . . . . . . . . . . . . . . . . . . . . . . . . . . . . . . Parts Restored . | . . . . . . . . . . . . . . . . . . . . . . . . . . . . . . . Kills | -11 -10 -10 -10 -9 -8 -8 -8 -7 -7 -7 -7 -7 -7 -6 -6 -6 -6 -5 -5 -5 -5 -5 -5 -4 -4 -4 -4 -4 -3 -3 ------- Run | Yrd Mat Min Exi Min Mat Gar Mat Fac Was Fac Gar Fac Gar Fac Was Fac Gar Fac Was Fac Gar Fac Gar Fac Ext Cet Arc Hub Res Gar Combat Hostiles Destroyed 365 | . 12 2 . 14 26 16 49 2 6 . 14 5 23 9 6 36 28 . 2 . 13 . 9 7 25 8 3 27 20 3 Melee 4 | . . . . . . . . . . . . . . . . . . . . . 1 . . . . . . . . 3 Guns 243 | . 8 . . 1 12 12 45 2 3 . 7 5 16 7 . 15 20 . 2 . 6 . 7 4 21 6 3 26 15 . Cannons 50 | . 4 2 . 6 6 1 2 . 3 . . . . 1 6 8 1 . . . . . . 3 2 1 . . 4 . AOE 59 | . . . . 7 8 3 2 . . . 6 . 7 . . 13 5 . . . 5 . 1 . 2 . . . . . Classes Destroyed 23 | 1 8 . . 1 3 1 2 . 1 . 1 . 1 . . . . . . . 1 . 1 . 1 . . . 1 . Worker 9 | . 1 . . . 1 . . . . 1 . . . 1 . 2 . . . . . . . . . . . 3 . . Builder 18 | . 2 . . . 1 . 4 1 . 1 . . . 2 . 2 . . . . . . . . 4 . . 1 . . Tunneler 8 | 4 . 1 . 1 . . . . . . . . . . . 1 . . . . . . . . 1 . . . . . Hauler 15 | . 2 . . . 2 . 6 1 . 3 . . . . . . . . . . . . . . . . . . 1 . Recycler 28 | . 3 2 . . 2 . 2 2 . 3 . . . 4 . 6 . 1 . . . . . . . . . 2 1 . Mechanic 1 | . . . . . . . . . . . . . . . . 1 . . . . . . . . . . . . . . Operator 9 | . 3 . . . 2 . . . . . . 1 . . . . . . . . . 1 . . . . 2 . . . Watcher 9 | . 3 . . . 2 . 1 . . . . 1 . . . 1 . . . . . . . . 1 . . . . . Swarmer 69 | . 6 . . 4 8 4 8 . . . 2 . 6 . . 7 8 . . . 5 . 2 3 2 . . . 2 2 Cutter 1 | . . . . . . . . . . . . . . . . . . . . . 1 . . . . . . . . . Grunt 119 | . 6 3 . 2 8 6 16 . . . 6 4 5 3 . 13 10 . . . 2 . . . 13 . . 14 8 . Brawler 9 | . . . . . . . 3 . . . 1 . . . . 4 . . . . . . . . . . . 1 . . Duelist 10 | . . . . . 1 . 4 . . . . . . . . 3 . . . . . . . . . . . 2 . . Protector 3 | . . . . . . . 1 . . . . . . . . . . . . . . . . . 1 . . 1 . . Sentry 58 | . . . . . 7 2 14 . . . 3 . 6 1 . 3 4 . . . 3 . 1 . 5 . 3 2 3 1 Demolisher 3 | . . . . . . . . . . . . . 1 . . . . . . . . . . . . . . 1 1 . Hunter 31 | . . . . . 2 1 3 . . . 1 1 1 2 . 2 2 . . . 2 . 3 2 3 . . 2 4 . Programmer 26 | . . . . . . 3 . 2 . . 1 . 4 3 . 4 4 . . . . . 2 2 . . . . 1 . Behemoth 1 | . . . . . . . . . . . . . . . . . . . . . . . . . 1 . . . . . Compactor 14 | . . . . . . . . . 6 . . . . . 6 . . . 2 . . . . . . . . . . . Cetus Guard 8 | . . . . . . . . . . . . . . . . . . . . . . . . . . 8 . . . . Lightning 4 | . . . . . . . . . . . . . . . . . . . . . . . . . . . . 4 . . Striker 1 | . . . . . . . . . . . . . . . . . . . . . . . . . . . . . 1 . Executioner 1 | . . . . . . . . . . . . . . . . . . . . . . . 1 . . . . . . . Assembled 8 | . . . . 8 . . . . . . . . . . . . . . . . . . . . . . . . . . Surgeon 1 | . . . . . . . . . . . 1 . . . . . . . . . . . . . . . . . . . Wasp 1 | . . . . . . . . . . 1 . . . . . . . . . . . . . . . . . . . . Guerrilla 1 | . . . . . . . . . . . . . . . . . . . . . . . . . 1 . . . . . Best Kill Streak 18 | 2 4 2 . 3 5 5 8 1 2 4 7 5 4 3 1 6 6 1 1 . 5 1 2 3 8 4 2 18 5 2 Combat Bots Only 13 | . 3 2 . 3 4 5 8 1 2 . 7 5 4 3 1 5 6 . 1 . 5 . 2 3 7 4 1 13 5 2 Max Kills in Single Turn 5 | 1 1 2 . 2 3 2 3 1 1 1 5 1 2 1 1 4 2 1 1 . 5 1 1 1 2 1 1 2 1 1 Gunslinging 1 | . . . . . . 1 1 . . . . . . . . . . . . . . . . . 1 . . 1 . . Exploded 5 | . . . . 2 3 1 2 . . . 5 . 2 . . 3 2 . . . 5 . 1 . 1 . . . . . Melee 1 | . . . . . . . . . . . . . . . . . . . . . 1 . . . . . . . . 1 Uniques/NPCs Destroyed . | . . . . . . . . . . . . . . . . . . . . . . . . . . . . . . . Combat | -11 -10 -10 -10 -9 -8 -8 -8 -7 -7 -7 -7 -7 -7 -6 -6 -6 -6 -5 -5 -5 -5 -5 -5 -4 -4 -4 -4 -4 -3 -3 -------- Run | Yrd Mat Min Exi Min Mat Gar Mat Fac Was Fac Gar Fac Gar Fac Was Fac Gar Fac Was Fac Gar Fac Gar Fac Ext Cet Arc Hub Res Gar Hostile Shots Fired 2839 | . 48 . . 48 92 64 169 24 . 5 45 33 320 128 . 267 333 . . . 61 . 55 58 222 71 12 303 366 115 Missed 880 | . 15 . . 9 24 19 50 6 . 1 21 10 108 39 . 100 121 . . . 16 . 10 17 65 22 5 72 117 33 Hits 1959 | . 33 . . 39 68 45 119 18 . 4 24 23 212 89 . 167 212 . . . 45 . 45 41 157 49 7 231 249 82 Melee 60 | . . . . 13 1 . 2 . . . . . . . . 7 . . . . . . 1 . . . . 2 22 12 Projectile 1899 | . 33 . . 26 67 45 117 18 . 4 24 23 212 89 . 160 212 . . . 45 . 44 41 157 49 7 229 227 70 AOE 16 | . . . . . . . . . . . . . . . . . . . . . . . . . . . . 5 11 . Critical Strikes 94 | . . . . 1 1 5 4 1 . . . 1 5 1 . 5 8 . . . 3 . 2 6 10 7 . 18 13 3 Actively Blocked 33 | . . . . . 1 . . . . . . . . . . 2 2 . . . 3 . . 1 8 7 . 1 8 . Part Disruptions 4 | . . . . . 1 . . 2 . . . . . . . . 1 . . . . . . . . . . . . . Damage Taken 32527 | . 343 . . 669 969 728 1825 271 . 85 242 571 2266 1286 . 2486 2010 79 . . 1053 . 1020 655 3356 1295 188 4033 5968 1129 Core 3140 | . 37 . . 106 40 49 268 15 . . 36 48 142 82 . 160 84 . . . 79 . 103 40 221 74 . 235 439 882 Absorbed by Shields 510 | . . . . . . . . . . . . . . . . . . . . . . . . . 83 . . . 65 362 Reduced by Siege Mode 242 | . . . . . . . . . . . . . . . . . . . . . . . . . . 66 . 176 . . Redirected to Shielding 74 | . 3 . . 11 11 . . . . . . . . . . . . . . . . . . . . . . 49 . . Ignored by Resistances 2977 | . . . . . 9 . . . . . . . . 151 . . 716 . . . . . 168 111 . . . 1822 . . Regen/Repaired (Parts) 2291 | . 66 . . . 212 . 276 152 21 14 12 189 . 69 . . . 466 . 35 183 . 596 . . . . . . . Core Remaining (%) 62 | 100 . . . 42 . . 35 . . . . . 65 . . . 61 . . . . . 81 . . . . 50 . . Volleys Fired 1603 | 6 57 6 . 34 101 40 178 28 145 13 27 23 64 55 154 153 97 14 13 . 25 1 48 35 83 19 21 70 86 7 Largest 4 | 2 2 2 . 2 3 3 3 3 2 3 3 3 3 3 1 3 3 1 1 . 3 3 3 4 4 4 4 4 4 3 Hottest 480 | 40 80 90 . 90 133 153 133 75 100 78 125 84 91 143 85 151 220 5 24 . 140 140 188 235 244 343 183 480 331 168 Shots Fired 3560 | 12 116 12 . 60 223 88 465 70 192 39 79 65 164 117 153 324 210 14 13 . 73 3 88 85 250 73 49 271 243 9 Gun 2675 | 12 64 1 . 20 119 69 434 66 47 39 77 65 156 88 . 191 167 . 9 . 72 3 78 58 234 65 46 271 215 9 Cannon 763 | . 52 11 . 33 101 12 31 3 139 . 2 . . 24 145 124 26 . . . . . . 21 4 8 . . 27 . Launcher 39 | . . . . 7 3 7 . . . . . . 8 . . 6 5 . . . 1 . 1 . 1 . . . . . Special 83 | . . . . . . . . 1 6 . . . . 5 8 3 12 14 4 . . . 9 6 11 . 3 . 1 . Kinetic 2201 | 12 104 6 . 34 157 32 434 66 47 39 77 65 156 88 . 191 152 . . . 45 1 27 26 134 46 30 155 70 7 Thermal 1079 | . 6 6 . 19 27 . 9 3 139 . 2 . . 24 145 124 34 . 9 . 27 2 51 53 104 27 16 116 134 2 Explosive 39 | . . . . 7 3 7 . . . . . . 8 . . 6 5 . . . 1 . 1 . 1 . . . . . Electromagnetic 158 | . 6 . . . 36 49 22 . . . . . . . . . 7 . . . . . . . . . . . 38 . Robot Hit Streak 33 | 5 8 4 . 4 15 13 19 11 15 3 6 5 15 16 22 10 21 5 18 . 20 4 19 4 14 28 14 33 17 6 Robot Miss Streak 9 | 1 3 1 . 5 5 3 4 2 3 4 4 3 5 4 2 5 3 2 . . 2 . 1 3 6 5 1 7 9 2 Penetration Max 2 | . . . . . . . . . . 1 1 1 1 1 . 2 1 . . . 1 . . . 1 1 . 2 1 1 Secondary Targets 52 | . . . . . 1 1 12 . . . 2 1 2 1 . . 5 . . . 1 . 1 . 3 3 . 15 4 . Max Gunslinging Chain 2 | . . . . . 1 1 2 . . . 1 1 1 1 . . 1 . . . 1 . 1 . 1 1 . 1 1 . Shots Hit Robots 2331 | 7 72 5 . 20 121 44 319 45 147 23 46 39 113 78 124 187 141 11 13 . 47 1 58 40 164 56 37 206 148 19 Core Hits 971 | 4 29 5 . 17 63 34 111 10 25 12 25 14 61 28 18 103 63 1 3 . 21 1 23 12 91 22 16 98 54 7 Critical Kills 23 | . 1 . . . . . . . . . 1 . 1 1 . 1 3 . . . 1 . . . 4 3 1 4 2 . Critical Parts Destroyed 53 | . 1 . . . . . . . . . 1 . 3 . . 8 3 . . . 1 . . 1 6 3 2 18 5 1 Critical Strikes 102 | . 5 . . . 3 . 1 . . . 2 . 6 1 . 9 6 . . . 5 . 4 3 13 6 4 22 9 3 Burn 8 | . . . . . . . . . . . . . . . . . . . . . 2 . 3 2 1 . . . . . Meltdown 4 | . . . . . . . . . . . 1 . . 1 . . 1 . . . . . . . . 1 . . . . Destroy 75 | . 1 . . . . . . . . . 1 . 4 . . 9 5 . . . 2 . . 1 12 5 4 22 8 1 Blast 6 | . 3 . . . 3 . . . . . . . . . . . . . . . . . . . . . . . . . Corrupt 2 | . . . . . . . 1 . . . . . . . . . . . . . . . . . . . . . 1 . Smash 1 | . 1 . . . . . . . . . . . . . . . . . . . . . . . . . . . . . Sever 6 | . . . . . . . . . . . . . 2 . . . . . . . 1 . 1 . . . . . . 2 Melee Attacks 319 | . 9 7 . . 18 36 26 4 22 5 15 5 31 52 . 10 17 5 . 1 8 . 17 15 . . . . 2 14 Impact 13 | . 9 4 . . . . . . . . . . . . . . . . . . . . . . . . . . . . Slashing 305 | . . 3 . . 18 36 25 4 22 5 15 5 31 52 . 10 17 5 . 1 8 . 17 15 . . . . 2 14 Piercing . | . . . . . . . . . . . . . . . . . . . . . . . . . . . . . . . Sneak Attacks 19 | . 3 . . . 1 . 3 . . 4 . 1 . 5 . 1 . 1 . . . . . . . . . . . . Combat Hostiles . | . . . . . . . . . . . . . . . . . . . . . . . . . . . . . . . Follow-up Attacks . | . . . . . . . . . . . . . . . . . . . . . . . . . . . . . . . Damage Inflicted 64513 | 86 1258 107 . 652 2646 1196 6160 864 3646 762 1884 858 3414 2440 3915 7160 3255 85 218 . 1418 26 1713 943 5737 1797 924 6454 4212 683 Guns 40403 | 86 572 15 . 115 1143 696 5116 780 621 408 924 741 2407 1225 . 2840 2585 . 218 . 1034 26 1082 551 4568 1507 924 6433 3633 153 Cannons 13454 | . 521 92 . 207 985 48 155 75 3025 . 194 . . 434 3915 1941 287 . . . . . . 392 314 290 . . 579 . Explosions 7547 | . 45 . . 330 366 452 601 . . . 756 . 773 284 . 2276 383 . . . 302 . 141 . 838 . . . . . Melee 2896 | . 113 . . . 143 . 221 . . 332 . 117 234 457 . 92 . 85 . . 82 . 490 . . . . . . 530 Ramming 213 | . 7 . . . 9 . 67 9 . 22 10 . . 40 . 11 . . . . . . . . 17 . . 21 . . Kinetic 30329 | 86 987 35 . 218 1221 323 4916 780 621 408 924 741 2407 1225 . 2840 2290 . . . 623 . 398 229 2639 1036 527 3763 992 100 Thermal 24955 | . 100 72 . 231 322 70 655 75 3025 . 950 . . 607 3915 2984 472 . 218 . 411 26 684 714 3081 761 397 2670 2462 53 Explosive 3728 | . . . . 203 314 382 . . . . . . 773 111 . 1119 383 . . . 302 . 141 . . . . . . . Electromagnetic 2392 | . 51 . . . 637 421 301 . . . . . . . . 114 110 . . . . . . . . . . . 758 . Impact 113 | . 113 . . . . . . . . . . . . . . . . . . . . . . . . . . . . . Slashing 2783 | . . . . . 143 . 221 . . 332 . 117 234 457 . 92 . 85 . . 82 . 490 . . . . . . 530 Piercing . | . . . . . . . . . . . . . . . . . . . . . . . . . . . . . . . Highest Corruption 16 | . 2 2 2 8 1 4 4 2 2 2 2 3 7 1 11 16 16 3 3 3 . . 1 . . . . 3 2 2 Average Corruption 4 | . 1 2 2 7 1 2 4 1 2 2 2 2 5 1 1 8 16 3 3 2 . . 1 . . . . 2 1 2 Corruption Purged 8 | . . . . . . . . . . . . . . . . 5 . . . 3 . . . . . . . . . . Corruption Blocked . | . . . . . . . . . . . . . . . . . . . . . . . . . . . . . . . Effects 547 | . 15 20 11 47 . 31 98 1 27 7 8 16 41 3 8 93 77 6 10 2 . . 7 . . . . 8 10 1 Message Errors 136 | . 2 3 1 14 . 12 26 . 6 3 3 4 11 2 1 17 24 1 3 1 . . 2 . . . . . . . Matter Fused 141 | . 5 8 5 11 . 8 29 1 5 2 . . 9 . 3 23 18 2 1 . . . 1 . . . . 5 5 . Heat Flow Errors 64 | . 1 3 1 3 . 1 12 . 4 1 . 5 5 1 2 11 7 2 2 . . . 1 . . . . 1 1 . Energy Discharges 50 | . 1 1 1 3 . . 8 . 2 . 1 2 5 . 1 13 8 1 1 . . . 1 . . . . . 1 . Parts Rejected 12 | . . 2 . . . . 1 . . . 1 . . . . 2 4 . . . . . . . . . . 2 . . Parts Fused 1 | . . . . . . . . . . . . . . . . 1 . . . . . . . . . . . . . . Data Loss (minor) 60 | . 4 1 2 9 . 2 7 . 5 1 1 3 6 . . 9 7 . 1 . . . . . . . . . 1 1 Data Loss (major) 26 | . . 2 1 4 . 1 5 . 1 . 1 1 1 . . 4 2 . 2 . . . . . . . . . 1 . Misfires 25 | . 2 . . 1 . 5 4 . 2 . . . 1 . . 7 1 . . . . . 2 . . . . . . . Alerts 16 | . . . . 1 . 1 2 . 2 . 1 1 2 . . 3 1 . . 1 . . . . . . . . 1 . Weapon Failures 16 | . . . . 1 . 1 4 . . . . . 1 . 1 3 5 . . . . . . . . . . . . . Overload Shots 16 | . . . . . . . . . . . . . . . . . . . . . . . 5 . . 6 . 5 . . Overflow Damage 1033 | . 63 7 . 20 54 1 109 . . 88 128 87 . 79 5 172 . . . . . . 76 13 131 . . . . . Projectiles 219 | . 6 7 . . 5 . . . . . 67 . . . 5 36 . . . . . . . 13 80 . . . . . Explosions 381 | . 6 . . 20 . 1 106 . . . 61 . . . . 136 . . . . . . . . 51 . . . . . Melee 433 | . 51 . . . 49 . 3 . . 88 . 87 . 79 . . . . . . . . 76 . . . . . . . Knockbacks 10 | . 5 . . . 4 . . . . . . . . 1 . . . . . . . . . . . . . . . . Impact 3 | . 2 . . . . . . . . . . . . 1 . . . . . . . . . . . . . . . . Kinetic 7 | . 3 . . . 4 . . . . . . . . . . . . . . . . . . . . . . . . . Secondary . | . . . . . . . . . . . . . . . . . . . . . . . . . . . . . . . Self-Inflicted Damage 373 | . . . . . 33 69 40 . . . . . . . . 155 32 . . . . . 44 . . . . . . . Shots 9 | . . . . . 1 2 1 . . . . . . . . 3 1 . . . . . 1 . . . . . . . Rammed 20 | . 1 . . . 2 . 5 1 . 2 1 . . 4 . 1 . . . . . . . . 1 . . 2 . . Targets Rammed 21 | . 1 . . . 2 . 5 1 . 2 1 . . 4 . 1 . . . . . . . . 2 . . 2 . . Kicked . | . . . . . . . . . . . . . . . . . . . . . . . . . . . . . . . Crushed 1 | . . . . . . . . . . . . . . . . . . . . . . . . . 1 . . . . . Highest Temperature 444 | . 165 235 137 267 338 327 376 88 234 229 7 256 227 396 340 353 222 209 281 . . . 233 195 338 349 . 444 430 . Average Temperature 90 | . 43 72 72 70 105 95 88 34 25 116 4 81 95 85 98 76 62 111 119 . . . 108 70 132 175 . 170 168 . Received Heat Transfer 5575 | . 120 . . . 207 144 648 . . . 90 144 411 156 . 654 561 . . . 153 . 54 . 545 81 36 641 890 40 Effects 25 | . . 1 . . 6 2 1 . . . . . . 1 5 1 . . . . . . . . 4 1 . 1 2 . Shutdowns 1 | . . . . . . . 1 . . . . . . . . . . . . . . . . . . . . . . . Energy Bleed 9 | . . 1 . . 3 . . . . . . . . . . . . . . . . . . . 2 1 . 1 1 . Interference 11 | . . . . . 2 1 . . . . . . . . 5 1 . . . . . . . . 2 . . . . . Matter Decay 1 | . . . . . . . . . . . . . . 1 . . . . . . . . . . . . . . . . Short Circuit 3 | . . . . . 1 1 . . . . . . . . . . . . . . . . . . . . . . 1 . Siege Activations 3 | . . . . . . . . . . . . . . . . . . . . . . . . . . 2 . 1 . . Total Turns 179 | . . . . . . . . . . . . . . . . . . . . . . . . . . 42 . 137 . . Longest Duration 137 | . . . . . . . . . . . . . . . . . . . . . . . . . . 25 . 137 . . Martial Activations . | . . . . . . . . . . . . . . . . . . . . . . . . . . . . . . . Shielding Activations . | . . . . . . . . . . . . . . . . . . . . . . . . . . . . . . . Robots Disrupted 1 | . . . . . . . . . . . . . . . . 1 . . . . . . . . . . . . . . Combat Hostiles 1 | . . . . . . . . . . . . . . . . 1 . . . . . . . . . . . . . . Robots Corrupted 2 | . 2 . . . . . . . . . . . . . . . . . . . . . . . . . . . . . Combat Hostiles . | . . . . . . . . . . . . . . . . . . . . . . . . . . . . . . . Parts Fried 12 | . 3 . . . 3 . 1 . . . . . . . . . 1 . . . . . . . 1 . . . 3 . Impact Corruptions 3 | . 3 . . . . . . . . . . . . . . . . . . . . . . . . . . . . . Robots Melted 9 | . . . . . . . . . . . 1 . . 1 . . 2 . . . 1 . 1 . . 1 . 1 1 . Combat Hostiles 9 | . . . . . . . . . . . 1 . . 1 . . 2 . . . 1 . 1 . . 1 . 1 1 . Parts Melted 53 | . . 1 . . . . . 1 . . . . . . 1 1 8 . . . 3 . 10 1 5 1 2 6 13 . Heat Transferred 33552 | . 211 148 . 372 666 50 724 111 4477 . 880 . . 779 4736 3460 847 . 450 . 884 50 1507 1398 4081 890 518 3122 3117 74 Parts Sabotaged 12 | . . . . . . . . . . . . . . . . . . . . . . . 2 . . . . . . 10 Parts Stolen . | . . . . . . . . . . . . . . . . . . . . . . . . . . . . . . . Parts Stripped . | . . . . . . . . . . . . . . . . . . . . . . . . . . . . . . . Power Chain Reactions 6 | . 1 . . . . 3 1 . . . . . . . . 1 . . . . . . . . . . . . . . Alert | -11 -10 -10 -10 -9 -8 -8 -8 -7 -7 -7 -7 -7 -7 -6 -6 -6 -6 -5 -5 -5 -5 -5 -5 -4 -4 -4 -4 -4 -3 -3 ------- Run | Yrd Mat Min Exi Min Mat Gar Mat Fac Was Fac Gar Fac Gar Fac Was Fac Gar Fac Was Fac Gar Fac Gar Fac Ext Cet Arc Hub Res Gar Maximum Alert Level 5 | . . . . . 1 3 3 2 . 3 4 3 4 2 . 3 5 4 2 1 4 3 4 3 3 2 . 3 2 1 Low Security (%) 45 | 100 100 100 . 100 96 14 . 59 100 51 . . . 34 100 38 . . 19 82 7 . . 53 77 . 100 32 9 89 Level 1 16 | . . . . . 3 5 40 37 . . . . . 42 . 14 . . 70 17 21 . . 7 7 67 . 35 78 10 Level 2 16 | . . . . . . 40 40 3 . 6 19 61 23 22 . 36 9 . 10 . 5 84 15 16 11 32 . 10 12 . Level 3 13 | . . . . . . 39 19 . . 41 19 38 62 . . 10 28 48 . . 27 15 37 22 4 . . 21 . . Level 4 5 | . . . . . . . . . . . 61 . 13 . . . 30 51 . . 37 . 47 . . . . . . . Level 5 1 | . . . . . . . . . . . . . . . . . 31 . . . . . . . . . . . . . High Security . | . . . . . . . . . . . . . . . . . . . . . . . . . . . . . . . Max Security . | . . . . . . . . . . . . . . . . . . . . . . . . . . . . . . . Peak Influence 2212 | 5 125 71 . 161 263 912 920 417 16 809 1551 819 1233 646 83 745 2212 1277 441 253 1339 708 1550 813 844 491 168 846 434 278 Initial 1161 | . . 44 . . 48 170 444 417 16 . 548 814 434 646 83 . 509 1161 441 104 163 702 453 813 76 466 117 . 434 139 Average 391 | . 45 6 . 34 75 589 528 186 . 370 1110 692 842 281 5 345 1336 1106 283 69 881 679 1087 379 157 361 65 356 322 162 Influence Increases 18804 | 20 536 92 . 310 897 742 1693 119 22 1028 1143 198 859 578 16 1469 1773 354 60 275 1346 6 1267 306 1438 223 125 1116 624 169 Destroy 0b10 Robot/C 9080 | . 240 40 . 120 520 320 960 40 . 340 580 120 460 180 . 720 920 160 . 100 600 . 500 140 800 160 80 520 400 60 Destroy 0b10 Robot/NC 610 | 20 70 15 . 5 50 . 70 20 . 70 . 10 5 35 . 65 . 30 . . . 5 10 . 65 10 10 35 10 . Destroy Leader 1476 | . 70 10 . 20 148 10 294 22 . 68 40 42 40 60 . 162 30 22 . 20 40 . 50 20 116 . . 120 72 . Allied During Kill 1936 | . . 6 . 2 . . . . . 425 217 3 . . . . 115 99 . 120 487 1 114 . 327 16 4 . . . Trap Triggered on 0b10 40 | . . . . . . . 30 . . 10 . . . . . . . . . . . . . . . . . . . . Successful Hack 287 | . 28 . . . 40 . 16 16 . 13 14 5 . 21 . 26 12 . . 15 . . 14 33 14 6 . . . 14 Select Force Hacks 160 | . 60 . . . . . . . . . . . . . . . . . . . . . . . . . . 100 . . Disable Machine 1020 | . 30 15 . 90 45 . 195 15 . 60 . 15 15 120 . 180 . 15 . . 15 . . 45 15 15 15 90 30 . Anti-Garrison Action 1750 | . . . . . . 250 . . . . 150 . 250 . . . 450 . . . 100 . 400 . . . . 150 . . Destroy Structure 1680 | . 8 6 . 73 64 117 68 6 22 42 67 3 89 102 16 226 156 28 60 20 89 . 179 68 56 16 16 56 22 5 Partial Spotted 15 | . . . . . . . 15 . . . . . . . . . . . . . . . . . . . . . . . Lose Combat Pursuer 750 | . 30 . . . 30 45 45 . . . 75 . . 60 . 90 90 . . . 15 . . . 45 . . 45 90 90 Influence Decreases 18526 | 20 421 207 . 186 759 92 1688 990 68 244 376 1129 246 1573 254 741 289 1305 1172 191 240 697 365 1700 761 763 418 288 1266 77 Entered New Map 7976 | . . 71 . . 76 92 468 500 30 . 236 737 186 587 155 . 219 1051 820 45 70 637 195 737 80 367 176 . 394 47 Time Decay 7582 | 20 421 136 . 181 593 . 760 490 38 164 . 392 . 666 99 631 . 254 302 126 . 60 . 518 463 326 222 198 522 . Lost Part 813 | . . . . 5 . . 10 . . . . . 60 . . 90 30 . . . 10 . . 10 98 50 . 70 350 30 Lost Ally 890 | . . . . . . . . . . 80 140 . . 20 . 20 40 . 50 20 160 . 170 10 120 20 20 20 . . Purge Threat 1265 | . . . . . 90 . 450 . . . . . . 300 . . . . . . . . . 425 . . . . . . Squads Dispatched 77 | . 4 . . . 3 . 16 2 . 2 . 3 . 6 . 10 . 2 . . . . . 4 5 . . 9 11 . Investigation 15 | . 2 . . . 1 . 3 . . . . . . . . 1 . . . . . . . 1 . . . 2 5 . Extermination 13 | . . . . . . . . 2 . . . 2 . 3 . 4 . . . . . . . 2 . . . . . . Reinforcement 28 | . 2 . . . 2 . 3 . . 2 . 1 . 3 . 2 . 1 . . . . . 1 4 . . 1 6 . Assault 9 | . . . . . . . 1 . . . . . . . . 3 . 1 . . . . . . 1 . . 3 . . Garrison 12 | . . . . . . . 9 . . . . . . . . . . . . . . . . . . . . 3 . . Intercept . | . . . . . . . . . . . . . . . . . . . . . . . . . . . . . . . Searches Triggered . | . . . . . . . . . . . . . . . . . . . . . . . . . . . . . . . Construction Impeded 10 | . . . . . . . 1 . . 1 . . . 1 . 2 . . . . . . . 1 3 . . 1 . . Haulers Reinforced 4 | . . . . . . . . . . 1 . . . . . . . 1 . . . . . . . . . . 2 . Active Scanning Responses . | . . . . . . . . . . . . . . . . . . . . . . . . . . . . . . . Cargo Convoy Interrupts . | . . . . . . . . . . . . . . . . . . . . . . . . . . . . . . . Stealth | -11 -10 -10 -10 -9 -8 -8 -8 -7 -7 -7 -7 -7 -7 -6 -6 -6 -6 -5 -5 -5 -5 -5 -5 -4 -4 -4 -4 -4 -3 -3 --------- Run | Yrd Mat Min Exi Min Mat Gar Mat Fac Was Fac Gar Fac Gar Fac Was Fac Gar Fac Was Fac Gar Fac Gar Fac Ext Cet Arc Hub Res Gar Distress Signals 49 | . 4 . . 2 7 . 8 . . . . . . 4 . 3 . . . . . . . . 6 2 . 9 4 . Communications Jammed 14 | . . . . . . . . . . . . 3 . 5 . 1 . . . . . . . . . . . . 5 . Distress Signals 11 | . . . . . . . . . . . . . . 5 . 1 . . . . . . . . . . . . 5 . Times Spotted 636 | . 26 4 . 13 49 17 82 3 5 7 28 9 26 19 6 48 45 12 4 1 27 . 33 9 46 9 7 50 30 21 Peak Tracking Total 15 | . 5 2 . 3 5 4 6 1 2 3 11 2 5 4 1 7 6 6 2 1 7 . 7 2 7 5 1 13 6 15 Tactical Retreats 40 | . 2 . . 1 1 2 2 . . . 5 . . 3 . 4 4 . . . 1 . . . 3 . . 3 5 4 Traps | -11 -10 -10 -10 -9 -8 -8 -8 -7 -7 -7 -7 -7 -7 -6 -6 -6 -6 -5 -5 -5 -5 -5 -5 -4 -4 -4 -4 -4 -3 -3 ------- Run | Yrd Mat Min Exi Min Mat Gar Mat Fac Was Fac Gar Fac Gar Fac Was Fac Gar Fac Was Fac Gar Fac Gar Fac Ext Cet Arc Hub Res Gar Traps Triggered 27 | . 3 . . . . . 1 1 . . 2 4 2 4 . 1 4 1 . . 2 . . 2 . . . . . . Indirectly . | . . . . . . . . . . . . . . . . . . . . . . . . . . . . . . . Trap Hack Attempts . | . . . . . . . . . . . . . . . . . . . . . . . . . . . . . . . Triggered . | . . . . . . . . . . . . . . . . . . . . . . . . . . . . . . . Disarmed . | . . . . . . . . . . . . . . . . . . . . . . . . . . . . . . . Reprogrammed 1 | . . . . . . . . . . . . . . . . . . . . . . . . . 1 . . . . . Reused 4 | . . . . . . . 3 . . 1 . . . . . . . . . . . . . . . . . . . . Traps Reconfigurated 8 | . . . . . . . 3 . . 5 . . . . . . . . . . . . . . . . . . . . Traps Extracted . | . . . . . . . . . . . . . . . . . . . . . . . . . . . . . . . Installed . | . . . . . . . . . . . . . . . . . . . . . . . . . . . . . . . Triggered 4 | . . . . . . . 3 . . 1 . . . . . . . . . . . . . . . . . . . . Machines | -11 -10 -10 -10 -9 -8 -8 -8 -7 -7 -7 -7 -7 -7 -6 -6 -6 -6 -5 -5 -5 -5 -5 -5 -4 -4 -4 -4 -4 -3 -3 ---------- Run | Yrd Mat Min Exi Min Mat Gar Mat Fac Was Fac Gar Fac Gar Fac Was Fac Gar Fac Was Fac Gar Fac Gar Fac Ext Cet Arc Hub Res Gar Machines Disabled 98 | . 2 1 . 6 3 3 13 1 . 4 2 1 4 8 . 12 6 1 . . 3 . 10 3 4 1 1 7 2 . Max in Single Turn 5 | . 1 1 . 4 2 1 5 1 . 1 1 1 1 2 . 3 1 . . . 1 . 2 1 2 1 1 2 1 . Garrison Access 1 | . . . . . . . . . . . . . . . . . . . . . . . . . . . . 1 . . Garrison Relay 20 | . . . . . . 3 . . . . 2 . 3 . . . 6 . . . 2 . 4 . . . . . . . Phase Generator 1 | . . . . . . . . . . . . . . . . . . . . . . . 1 . . . . . . . Network Hub 2 | . . . . . . . . . . . . . . . . . . . . . . . . . . . . 2 . . Machines Repaired . | . . . . . . . . . . . . . . . . . . . . . . . . . . . . . . . Machines Dismantled . | . . . . . . . . . . . . . . . . . . . . . . . . . . . . . . . Machines Sabotaged 2 | . . . . . . . . . . . . . . . . . . . . . . . . . . . . 2 . . Overloaded Fab Kills . | . . . . . . . . . . . . . . . . . . . . . . . . . . . . . . . Hacking | -11 -10 -10 -10 -9 -8 -8 -8 -7 -7 -7 -7 -7 -7 -6 -6 -6 -6 -5 -5 -5 -5 -5 -5 -4 -4 -4 -4 -4 -3 -3 --------- Run | Yrd Mat Min Exi Min Mat Gar Mat Fac Was Fac Gar Fac Gar Fac Was Fac Gar Fac Was Fac Gar Fac Gar Fac Ext Cet Arc Hub Res Gar Machines Accessed 92 | . 9 1 1 1 8 . 10 5 . 2 1 4 1 5 . 10 2 . . 3 . 2 3 8 5 3 1 3 3 1 Terminals 65 | . 6 1 . 1 5 . 8 3 . . 1 2 1 3 . 8 2 . . 1 . 1 3 7 5 3 . 2 1 1 Fabricators 4 | . . . . . . . . . . 1 . 1 . 1 . . . . . . . . . . . . . . 1 . Repair Stations 8 | . 1 . . . 1 . 2 1 . . . . . 1 . 1 . . . 1 . . . . . . . . . . Recycling Units 4 | . 2 . . . . . . 1 . . . . . . . . . . . . . . . 1 . . . . . . Scanalyzers 1 | . . . . . 1 . . . . . . . . . . . . . . . . . . . . . . . . . Garrison Access 8 | . . . . . 1 . . . . 1 . 1 . . . 1 . . . 1 . 1 . . . . . 1 1 . Total Hacks 250 | . 26 4 1 3 39 . 28 16 . 4 3 5 2 15 . 16 3 . . 6 . 2 4 18 9 7 25 4 8 2 Successful 147 | . 17 2 1 2 28 . 14 10 . 4 1 2 1 7 . 4 1 . . 5 . 1 2 6 5 4 25 3 1 1 Failed 103 | . 9 2 . 1 11 . 14 6 . . 2 3 1 8 . 12 2 . . 1 . 1 2 12 4 3 . 1 7 1 Catastrophic 29 | . 2 . . . . . 6 1 . . . 1 1 3 . 3 1 . . . . 1 . 4 3 1 . . 2 . Database Lockouts . | . . . . . . . . . . . . . . . . . . . . . . . . . . . . . . . Manual 102 | . 19 2 1 2 19 . 16 5 . 3 . 2 . 5 . 11 . . . 2 . . . 10 . . . 3 2 . Terminals 165 | . 20 4 . 3 26 . 22 11 . . 3 3 2 8 . 13 3 . . 3 . 1 4 16 9 7 . 3 2 2 Fabricators 13 | . . . . . . . . . . 3 . 1 . 4 . . . . . . . . . . . . . . 5 . Repair Stations 23 | . 2 . . . 7 . 6 2 . . . . . 3 . 1 . . . 2 . . . . . . . . . . Recycling Units 9 | . 4 . . . . . . 3 . . . . . . . . . . . . . . . 2 . . . . . . Scanalyzers 4 | . . . . . 4 . . . . . . . . . . . . . . . . . . . . . . . . . Garrison Access 10 | . . . . . 2 . . . . 1 . 1 . . . 2 . . . 1 . 1 . . . . . 1 1 . Terminal Hacks 89 | . 10 2 1 1 13 . 6 3 . . 1 1 1 3 . 2 1 . . 2 . . 2 5 5 4 25 . . 1 Record 29 | . . . . . . . . . . . . . . . . . . . . . . . . . . 4 25 . . . Part Schematic 1 | . . 1 . . . . . . . . . . . . . . . . . . . . . . . . . . . . Robot Analysis 5 | . 4 . . . 1 . . . . . . . . . . . . . . . . . . . . . . . . . Prototype ID Bank 2 | . . . . . 2 . . . . . . . . . . . . . . . . . . . . . . . . . Open Door 4 | . . . . . . . . . . . . . . . . . . . . . . . . 1 3 . . . . . Open DSF 3 | . . . . . . . . 1 . . . 1 . . . . . . . . . . . 1 . . . . . . Level Access Points 1 | . . . . 1 . . . . . . . . . . . . . . . . . . . . . . . . . . Branch Access Points 2 | . . . . . . . . . . . . . . . . 1 . . . 1 . . . . . . . . . . Emergency Access Points 4 | . . . . . . . . . . . 1 . . . . . 1 . . . . . 1 . . . . . . 1 Garrison Index 1 | . . . . . 1 . . . . . . . . . . . . . . . . . . . . . . . . . Alert Level 2 | . . . . . 2 . . . . . . . . . . . . . . . . . . . . . . . . . Unreport Threat 7 | . . . . . 1 . 3 . . . . . . 2 . . . . . . . . . 1 . . . . . . Locate Traps 8 | . 2 . . . 1 . 2 1 . . . . . . . 1 . . . . . . . . 1 . . . . . Reprogram Traps 1 | . . . . . . . . . . . . . . . . . . . . . . . . . 1 . . . . . Dispatch Records 1 | . 1 . . . . . . . . . . . . . . . . . . . . . . . . . . . . . Assault Status 1 | . . . . . . . 1 . . . . . . . . . . . . . . . . . . . . . . . Recall Investigation 1 | . . . . . . . . . . . . . . . . . . . . . . . . 1 . . . . . . Hauler Manifests 5 | . 1 . . . 3 . . 1 . . . . . . . . . . . . . . . . . . . . . . Registered Prototypes 2 | . 1 . . . 1 . . . . . . . . . . . . . . . . . . . . . . . . . Zone Layout 6 | . 1 1 . . 1 . . . . . . . . 1 . . . . . 1 . . . 1 . . . . . . Patrol Navigation 1 | . . . . . . . . . . . . . . . . . . . . . . . 1 . . . . . . . Security Stations 1 | . . . . . . . . . . . . . 1 . . . . . . . . . . . . . . . . . Proto ID Catalog 1 | . . . 1 . . . . . . . . . . . . . . . . . . . . . . . . . . . Fabricator Hacks 1 | . . . . . . . . . . . . . . 1 . . . . . . . . . . . . . . . . Network Status 1 | . . . . . . . . . . . . . . 1 . . . . . . . . . . . . . . . . Repair Station Hacks 21 | . 2 . . . 7 . 6 2 . . . . . 2 . . . . . 2 . . . . . . . . . . Scan Component 11 | . 1 . . . 4 . 3 1 . . . . . 1 . . . . . 1 . . . . . . . . . . Repair 10 | . 1 . . . 3 . 3 1 . . . . . 1 . . . . . 1 . . . . . . . . . . Recycling Unit Hacks 4 | . . . . . . . . 3 . . . . . . . . . . . . . . . 1 . . . . . . Process 1 | . . . . . . . . 1 . . . . . . . . . . . . . . . . . . . . . . Retrieve Matter 3 | . . . . . . . . 2 . . . . . . . . . . . . . . . 1 . . . . . . Scanalyzer 3 | . . . . . 3 . . . . . . . . . . . . . . . . . . . . . . . . . Insert Component 1 | . . . . . 1 . . . . . . . . . . . . . . . . . . . . . . . . . Retrieve Study 2 | . . . . . 2 . . . . . . . . . . . . . . . . . . . . . . . . . Garrison Access Hacks 9 | . . . . . 1 . . . . 1 . 1 . . . 2 . . . 1 . 1 . . . . . 1 1 . Unlock Access 8 | . . . . . 1 . . . . 1 . 1 . . . 1 . . . 1 . 1 . . . . . 1 1 . Coupler Status 1 | . . . . . . . . . . . . . . . . 1 . . . . . . . . . . . . . . Unauthorized Hacks 20 | . 5 . . 1 4 . 2 2 . 3 . . . 1 . . . . . . . . . . . . . 2 . . Terminals 14 | . 3 . . 1 4 . 2 2 . . . . . . . . . . . . . . . . . . . 2 . . Track 1 | . . . . 1 . . . . . . . . . . . . . . . . . . . . . . . . . . Botnet 10 | . 3 . . . 3 . 2 2 . . . . . . . . . . . . . . . . . . . . . . Operators 1 | . . . . . 1 . . . . . . . . . . . . . . . . . . . . . . . . . Sabotage 2 | . . . . . . . . . . . . . . . . . . . . . . . . . . . . 2 . . Fabricators 4 | . . . . . . . . . . 3 . . . 1 . . . . . . . . . . . . . . . . Report 1 | . . . . . . . . . . 1 . . . . . . . . . . . . . . . . . . . . Fabnet 1 | . . . . . . . . . . 1 . . . . . . . . . . . . . . . . . . . . Haulers 2 | . . . . . . . . . . 1 . . . 1 . . . . . . . . . . . . . . . . Repair Stations . | . . . . . . . . . . . . . . . . . . . . . . . . . . . . . . . Recycling Units 2 | . 2 . . . . . . . . . . . . . . . . . . . . . . . . . . . . . Tunnel 2 | . 2 . . . . . . . . . . . . . . . . . . . . . . . . . . . . . Scanalyzers . | . . . . . . . . . . . . . . . . . . . . . . . . . . . . . . . Garrison Access . | . . . . . . . . . . . . . . . . . . . . . . . . . . . . . . . Data Cores Recovered 4 | . 1 . . . . . . . . 1 . 1 . . . . . . . . . 1 . . . . . . . . Used . | . . . . . . . . . . . . . . . . . . . . . . . . . . . . . . . Hacking Detections 68 | . 8 1 . . 5 . 9 3 . 1 1 3 1 5 . 9 2 . . 2 . 1 2 7 3 2 . 1 2 . Full Trace Events 8 | . . . . . 1 . 2 . . . 1 . . . . 1 1 . . . . . 1 . . . . . 1 . Feedback Events 1 | . . . . . . . . . . . . . . . . . . . . . . . . . . . . . 1 . Hackware Fried 1 | . . . . . . . . . . . . . . . . . . . . . . . . . . . . . 1 . Feedback Blocked . | . . . . . . . . . . . . . . . . . . . . . . . . . . . . . . . Robot Schematics Acquired . | . . . . . . . . . . . . . . . . . . . . . . . . . . . . . . . Robots Built . | . . . . . . . . . . . . . . . . . . . . . . . . . . . . . . . Authchips . | . . . . . . . . . . . . . . . . . . . . . . . . . . . . . . . Time . | . . . . . . . . . . . . . . . . . . . . . . . . . . . . . . . Total Robot Build Rating . | . . . . . . . . . . . . . . . . . . . . . . . . . . . . . . . Part Schematics Acquired 1 | . . 1 . . . . . . . . . . . . . . . . . . . . . . . . . . . . Parts Built . | . . . . . . . . . . . . . . . . . . . . . . . . . . . . . . . Authchips . | . . . . . . . . . . . . . . . . . . . . . . . . . . . . . . . Time . | . . . . . . . . . . . . . . . . . . . . . . . . . . . . . . . Total Part Build Rating . | . . . . . . . . . . . . . . . . . . . . . . . . . . . . . . . Part Studies Acquired 2 | . . . . . 2 . . . . . . . . . . . . . . . . . . . . . . . . . Parts Repaired 10 | . 1 . . . 3 . 3 1 . . . . . 1 . . . . . 1 . . . . . . . . . . Time 458 | . 26 . . . 160 . 124 60 . . . . . 44 . . . . . 44 . . . . . . . . . . Parts Recycled . | . . . . . . . . . . . . . . . . . . . . . . . . . . . . . . . Recycled Matter 7 | . . . . . . . . 7 . . . . . . . . . . . . . . . . . . . . . . Retrieved Matter 7 | . . . . . . . . 7 . . . . . . . . . . . . . . . . . . . . . . Retrieved Components . | . . . . . . . . . . . . . . . . . . . . . . . . . . . . . . . Parts Scanalyzed . | . . . . . . . . . . . . . . . . . . . . . . . . . . . . . . . Part Schematics Acquired . | . . . . . . . . . . . . . . . . . . . . . . . . . . . . . . . Parts Damaged . | . . . . . . . . . . . . . . . . . . . . . . . . . . . . . . . Bothacking | -11 -10 -10 -10 -9 -8 -8 -8 -7 -7 -7 -7 -7 -7 -6 -6 -6 -6 -5 -5 -5 -5 -5 -5 -4 -4 -4 -4 -4 -3 -3 ------------ Run | Yrd Mat Min Exi Min Mat Gar Mat Fac Was Fac Gar Fac Gar Fac Was Fac Gar Fac Was Fac Gar Fac Gar Fac Ext Cet Arc Hub Res Gar Used RIF Installer 8 | . . . . . . 1 . . . . 1 . 2 . . . 1 . . . 1 . 1 . . . . . . 1 Coupler Efficiency 1 | . . . . . . . . . . . . . 1 . . . . . . . . . . . . . . . . . Hotswap 1 | . . . . . . . . . . . . . . . . . . . . . . . . . . . . . . 1 Zone Cloak 2 | . . . . . . . . . . . . . 1 . . . . . . . 1 . . . . . . . . . Patrol Navigation 1 | . . . . . . . . . . . 1 . . . . . . . . . . . . . . . . . . . Alert ID Control 1 | . . . . . . . . . . . . . . . . . 1 . . . . . . . . . . . . . Structural Interface 1 | . . . . . . . . . . . . . . . . . . . . . . . 1 . . . . . . . Robots Hacked 59 | . . . . . . . 1 1 6 . . . . 6 6 4 7 9 4 . 1 . 8 2 2 . 2 . . . Non-combat 21 | . . . . . . . 1 1 . . . . . 5 . 2 . 5 . . . . 1 2 2 . 2 . . . Combat 38 | . . . . . . . . . 6 . . . . 1 6 2 7 4 4 . 1 . 7 . . . . . . . Robot Hacks Applied 56 | . . . . . . . 1 1 6 . . . . 5 6 2 6 9 4 . . . 8 4 2 . 2 . . . no_distress 3 | . . . . . . . 1 1 . . . . . 1 . . . . . . . . . . . . . . . . find_chute 6 | . . . . . . . . . . . . . . 4 . . . 1 . . . . . 1 . . . . . . ignore_repairs 3 | . . . . . . . . . . . . . . . . . . 3 . . . . . . . . . . . . drop_inventory 4 | . . . . . . . . . . . . . . . . 2 . . . . . . . . 2 . . . . . check_alert 1 | . . . . . . . . . . . . . . . . . . . . . . . . 1 . . . . . . purge_threat 2 | . . . . . . . . . . . . . . . . . . . . . . . . 2 . . . . . . ignore_targets 16 | . . . . . . . . . 6 . . . . . 6 . . . 4 . . . . . . . . . . . scatter_targeting 3 | . . . . . . . . . . . . . . . . . 2 . . . . . 1 . . . . . . . mark_system 1 | . . . . . . . . . . . . . . . . . . 1 . . . . . . . . . . . . amplify_resonance 5 | . . . . . . . . . . . . . . . . . 2 3 . . . . . . . . . . . . disable_weapons 1 | . . . . . . . . . . . . . . . . . . . . . . . 1 . . . . . . . overwrite_iff 1 | . . . . . . . . . . . . . . . . . 1 . . . . . . . . . . . . . formatsys_low 4 | . . . . . . . . . . . . . . . . . . 1 . . . . 1 . . . 2 . . . formatsys_high 6 | . . . . . . . . . . . . . . . . . 1 . . . . . 5 . . . . . . . Relay Couplers Released 90 | . . . . . . 15 . . . . 6 . 18 . . . 23 . . . 8 . 19 . . . . 1 . . Machine Destruction 86 | . . . . . . 15 . . . . 6 . 14 . . . 23 . . . 8 . 19 . . . . 1 . . Programmers 4 | . . . . . . . . . . . . . 4 . . . . . . . . . . . . . . . . . Attached 12 | . . . . . . . . . 1 . . . . . 1 . 2 1 . . 1 . 4 1 . . . . 1 . Fabnet Peak Effective % 3 | . . . . . . . . . . . . . . 3 3 3 3 1 1 1 1 1 1 . . . . . . . Autooverrided 5 | . . . . . . . . . . . . . . 1 . 2 1 . . . 1 . . . . . . . . . Robots Rewired 8 | . . . . . . . . . . . . . . . . . 4 . . . . . . . 4 . . . . . Allies Hacked 3 | . . . . . . . . . . . 1 1 . . . . . . . . 1 . . . . . . . . . Hacks Repelled . | . . . . . . . . . . . . . . . . . . . . . . . . . . . . . . . Allies | -11 -10 -10 -10 -9 -8 -8 -8 -7 -7 -7 -7 -7 -7 -6 -6 -6 -6 -5 -5 -5 -5 -5 -5 -4 -4 -4 -4 -4 -3 -3 -------- Run | Yrd Mat Min Exi Min Mat Gar Mat Fac Was Fac Gar Fac Gar Fac Was Fac Gar Fac Was Fac Gar Fac Gar Fac Ext Cet Arc Hub Res Gar Total Allies 77 | . . 5 . . . . . . 19 . . . . 1 . 2 9 1 20 . 1 . 8 . 9 . 2 . . . Largest Group 21 | . . 4 4 2 . . . . 19 19 10 2 . 1 . 1 5 6 21 18 16 3 4 2 9 2 2 2 . . Highest-Rated Group 834 | . . 80 80 32 . . . . 475 475 300 58 . 29 . 29 313 336 834 757 707 119 229 114 521 97 90 90 . . Highest-Rated Ally 159 | . . 31 31 16 . . . . 35 35 35 31 . 29 . 29 95 95 95 95 95 46 95 92 159 51 51 45 . . Total Orders 6 | . . . . . . . . . . . . . . . . . . 1 1 . . . 4 . . . . . . . AID 6 | . . . . . . . . . . . . . . . . . . 1 1 . . . 4 . . . . . . . Ally Attacks 736 | . . 17 . 4 . . . . . 71 105 5 . 4 . 1 61 37 77 17 108 . 65 1 145 16 2 . . . Total Damage 22066 | . . 249 . 63 . . . . . 2054 2156 79 . 57 . . 1840 1676 3259 854 2961 . 2281 4 4069 428 36 . . . Kills 149 | . . . . 1 . . . . . 25 15 1 . . . . 18 14 7 6 21 . 16 . 22 2 1 . . . Allies Corrupted 4 | . . . . . . . . . . . . 1 . . . . . . . . 1 . 2 . . . . . . . Allies Melted 1 | . . . . . . . . . . 1 . . . . . . . . . . . . . . . . . . . . Intel | -11 -10 -10 -10 -9 -8 -8 -8 -7 -7 -7 -7 -7 -7 -6 -6 -6 -6 -5 -5 -5 -5 -5 -5 -4 -4 -4 -4 -4 -3 -3 ------- Run | Yrd Mat Min Exi Min Mat Gar Mat Fac Was Fac Gar Fac Gar Fac Was Fac Gar Fac Was Fac Gar Fac Gar Fac Ext Cet Arc Hub Res Gar Active Infowar (turns) 20282 | 116 1828 1346 734 1145 58 . . 1283 782 645 595 929 891 2407 . 2576 414 541 . 260 4 . 1283 1384 468 . . . 593 . Optics 1906 | . . . . . . . . 1282 624 . . . . . . . . . . . . . . . . . . . . . Sensors 10306 | . . . . . 1 . . 1049 21 . . 497 2 2346 . 2453 2 541 . 260 2 . 1283 1383 466 . . . . . IFF 3733 | . . . . . . . . . . . . . . 2028 . 1491 4 . . 210 . . . . . . . . . . Terrain 2 | . . . . . . . . . . . . . . . . . . . . . . . . . 2 . . . . . Traps 1 | . . . . . . . . . . . . . . . . . . . . . . . . 1 . . . . . . Seismic 9695 | 116 1828 1346 734 1144 5 . . 112 158 645 595 432 716 1253 . 199 412 . . . . . . . . . . . . . T.N.C. 2 | . . . . . 2 . . . . . . . . . . . . . . . . . . . . . . . . . Cloaking 297 | . . . . 1 51 . . . . . . . . . . . . . . . . . . . . . . . 245 . Jamming 3276 | . . . . . . . . 643 59 . . 771 175 407 . 619 . . . 8 2 . . . . . . . 592 . Robot Analysis Total 5 | . 4 . . . 1 . . . . . . . . . . . . . . . . . . . . . . . . . Derelict Logs Recovered 3 | . . 2 . 1 . . . . . . . . . . . . . . . . . . . . . . . . . . Drone Launches . | . . . . . . . . . . . . . . . . . . . . . . . . . . . . . . . Drone Recoveries . | . . . . . . . . . . . . . . . . . . . . . . . . . . . . . . . Exploration | -11 -10 -10 -10 -9 -8 -8 -8 -7 -7 -7 -7 -7 -7 -6 -6 -6 -6 -5 -5 -5 -5 -5 -5 -4 -4 -4 -4 -4 -3 -3 ------------- Run | Yrd Mat Min Exi Min Mat Gar Mat Fac Was Fac Gar Fac Gar Fac Was Fac Gar Fac Was Fac Gar Fac Gar Fac Ext Cet Arc Hub Res Gar Turns Passed 40190 | 181 2158 1346 736 1643 3085 1670 4199 1288 1568 659 595 929 1392 2541 1334 2751 1765 554 668 334 637 133 1463 1433 1606 728 633 502 1458 201 Spaces Moved 17895 | 97 1173 802 294 637 1261 669 1409 449 639 362 271 498 619 1244 389 1301 795 298 324 155 310 73 700 770 778 368 330 132 602 146 Core 66 | 8 . . . . . . . . . . . . . . . . . . . . . . . . . . . . . 58 Treads 17486 | 89 991 785 294 637 1261 669 1409 449 639 362 271 498 619 1241 389 1301 795 298 324 155 310 73 700 770 778 368 330 132 549 . Legs 111 | . . . . . . . . . . . . . . . . . . . . . . . . . . . . . 23 88 Wheels 232 | . 182 17 . . . . . . . . . . . 3 . . . . . . . . . . . . . . 30 . Hover . | . . . . . . . . . . . . . . . . . . . . . . . . . . . . . . . Flight . | . . . . . . . . . . . . . . . . . . . . . . . . . . . . . . . Fastest Speed 50 | 50 125 125 160 240 160 212 212 241 160 160 160 160 160 130 240 160 160 160 160 160 160 160 160 160 160 165 165 160 120 50 Average Speed 178 | 150 154 159 246 240 196 212 220 242 173 160 160 160 160 162 240 160 171 160 160 160 160 160 160 160 160 167 165 163 178 93 Slowest Speed 320 | 160 160 160 320 240 242 216 243 243 243 160 160 160 160 240 240 160 240 160 160 160 160 160 160 160 165 249 165 166 320 120 Overloaded Moves . | . . . . . . . . . . . . . . . . . . . . . . . . . . . . . . . Propulsion Burnouts . | . . . . . . . . . . . . . . . . . . . . . . . . . . . . . . . Robots Hopped . | . . . . . . . . . . . . . . . . . . . . . . . . . . . . . . . Potential Cave-ins 2 | . . . . . . . . . . . . . . . . 2 . . . . . . . . . . . . . . Cave-ins Triggered . | . . . . . . . . . . . . . . . . . . . . . . . . . . . . . . . Exploration Rate (%) 52 | 5 99 99 69 86 76 60 95 14 95 10 40 14 56 35 100 30 73 10 90 5 41 2 71 22 67 93 98 16 17 27 Regions Visited 30 Branch Regions 7 Pre-discovered Areas 4 | . 2 2 . . . . . . . . . . . . . . . . . . . . . . . . . . . . Known Exits Taken 13 | . . . . 1 1 . . . . 1 . 1 . . . 1 . . . 1 . 1 . 1 1 1 1 1 1 . Unknown Exits Taken 5 | 1 1 1 1 . . . 1 . . . . . . . . . . . . . . . . . . . . . . . Scrap Searched 3 | . . 1 . 2 . . . . . . . . . . . . . . . . . . . . . . . . . . Spaces Dug 305 | . 3 6 . . 28 45 32 3 22 . 6 3 34 41 . 39 7 4 . 1 . . 12 15 . . . 2 2 . Terrain Destroyed 1165 | . 6 6 . 90 66 77 66 3 22 1 8 4 67 121 16 274 69 4 . 1 8 . 106 32 39 9 8 44 18 . Melee 213 | . 3 6 . . 15 25 19 3 22 . 6 3 23 41 . 9 7 4 . 1 . . 11 13 . . . . 2 . Projectile 270 | . . . . . 18 . 13 . . 1 1 1 11 7 16 81 . . . . 3 . 5 19 17 9 8 44 16 . AOE 680 | . 3 . . 90 33 52 34 . . . 1 . 33 72 . 184 62 . . . 5 . 90 . 21 . . . . . Terrain Rammed . | . . . . . . . . . . . . . . . . . . . . . . . . . . . . . . . Walls Destroyed . | . . . . . . . . . . . . . . . . . . . . . . . . . . . . . . . Machines Disabled . | . . . . . . . . . . . . . . . . . . . . . . . . . . . . . . . Actions | -11 -10 -10 -10 -9 -8 -8 -8 -7 -7 -7 -7 -7 -7 -6 -6 -6 -6 -5 -5 -5 -5 -5 -5 -4 -4 -4 -4 -4 -3 -3 --------- Run | Yrd Mat Min Exi Min Mat Gar Mat Fac Was Fac Gar Fac Gar Fac Was Fac Gar Fac Was Fac Gar Fac Gar Fac Ext Cet Arc Hub Res Gar Total 23001 | 116 1386 849 306 689 1694 815 2253 615 892 407 369 570 830 1564 639 1671 989 357 469 239 379 86 935 876 961 433 396 243 791 182 Wait 1705 | 1 97 18 . . 181 31 525 105 40 7 29 8 39 98 55 90 4 12 103 57 3 9 110 6 23 16 13 13 12 . Move 17874 | 96 1172 801 293 636 1261 668 1408 449 638 362 270 497 618 1244 388 1301 794 298 323 154 309 73 699 769 777 367 329 132 602 146 Hop . | . . . . . . . . . . . . . . . . . . . . . . . . . . . . . . . Pick Up 275 | 6 19 4 5 5 34 6 17 8 7 . 4 5 16 23 6 20 14 4 8 4 5 . 3 4 11 7 11 5 14 . Fast Attach 177 | 7 3 2 1 . 9 4 10 1 4 3 5 6 5 10 3 14 11 2 6 5 4 1 14 11 11 1 1 4 14 5 Attach 138 | . . . 1 4 7 . 2 2 2 . 2 . 12 12 1 16 5 2 . 4 1 . 2 5 9 7 . 9 30 3 Detach 73 | . . . 1 . 5 . 1 1 4 3 1 . 6 2 3 10 2 3 . 3 1 . 5 5 5 . 1 1 8 2 Swap 466 | . 16 6 2 9 40 21 48 10 11 11 7 14 23 33 17 38 26 11 2 6 14 1 22 15 26 10 6 4 16 1 Drop 344 | . 12 5 3 1 36 9 33 6 19 1 8 12 15 31 12 18 15 6 14 5 9 1 13 11 14 6 14 4 7 4 Fire 1603 | 6 57 6 . 34 101 40 178 28 145 13 27 23 64 55 154 153 97 14 13 . 25 1 48 35 83 19 21 70 86 7 Melee 319 | . 9 7 . . 18 36 26 4 22 5 15 5 31 52 . 10 17 5 . 1 8 . 17 15 . . . . 2 14 Ram . | . . . . . . . . . . . . . . . . . . . . . . . . . . . . . . . Kick . | . . . . . . . . . . . . . . . . . . . . . . . . . . . . . . . Crush 20 | . 1 . . . 2 . 5 1 . 2 1 . . 4 . 1 . . . . . . . . 2 . . 1 . . Escape Stasis 4 | . . . . . . . . . . . . . . . . . 4 . . . . . . . . . . . . . Rewire 3 | . . . . . . . . . . . . . 1 . . . . . . . . . 2 . . . . . . . Trap . | . . . . . . . . . . . . . . . . . . . . . . . . . . . . . . . Miscellaneous . | . . . . . . . . . . . . . . . . . . . . . . . . . . . . . . . Route ------- -11/Scrapyard -10/Materials (discovered 5 exits: [*Mat x3] / *Min / [*Sub]) -10/Mines (discovered 4 exits: [*Mat x2] / *Exi / [*Sub]) -10/Exiles -9/Mines (discovered 2 exits: *Mat x2) -8/Materials (discovered 3 exits: *Fac x2 / Gar) -8/Garrison (discovered 2 exits: *Mat x2) -8/Materials (discovered 2 exits: *Fac x2) -7/Factory (discovered 2 exits: *Fac / Sto) -7/Waste -7/Factory -7/Garrison -7/Factory (discovered 2 exits: *Low / Gar) -7/Garrison -6/Factory (discovered 4 exits: *Fac x3 / *Low) -6/Waste -6/Factory (discovered 3 exits: Low x2 / Gar) -6/Garrison (discovered 3 exits: *Fac x3) -5/Factory -5/Waste -5/Factory (discovered 3 exits: Upp x2 / Gar) -5/Garrison -5/Factory -5/Garrison (discovered 2 exits: *Fac x2) -4/Factory (discovered 3 exits: *Res / *Upp / *Ext) -4/Extension (discovered 2 exits: *Res / *Cet) -4/Cetus (discovered 3 exits: *Res x2 / *Arc) -4/Archives (discovered 3 exits: *Res / *Hub x2) -4/Hub_04(d) -3/Research -3/Garrison History --------- Turn | Location | Event 9 | -11/Scrapyard | Discovered new exit (range 15) 182 | -11/Scrapyard | Entered Materials 308 | -10/Materials | Build established: Mutant 669 | -10/Materials | Discovered new exit (range 16) 808 | -10/Materials | Discovered new exit (range 18) 1209 | -10/Materials | Discovered new exit (range 11) 1226 | -10/Materials | Discovered new exit (range 15) 1418 | -10/Materials | Discovered new exit (range 10) 1907 | -10/Materials | Repaired Lgt. Treads 2340 | -10/Materials | Entered Mines 2345 | -10/Mines | Joined a pair of Derelicts in attacking an 0b10 outpost 2441 | -10/Mines | Discovered new exit (range 6) 2539 | -10/Mines | Assisted by bots powering up and referring to "LRC-V3" 2589 | -10/Mines | Learned location of Storage (-7) 2656 | -10/Mines | Learned location of Zion (-6) 2704 | -10/Mines | Build established: Scavenger-Mutant 2808 | -10/Mines | Found a hidden stash of uninstalled traps 2895 | -10/Mines | Deemed a non-threat by the Exiles lab entrance 2895 | -10/Mines | Discovered new exit (range 7) 3075 | -10/Mines | A weapon hastily lodged in a ceiling crevice suddenly fell to the ground 3105 | -10/Mines | Discovered new exit (range 10) 3213 | -10/Mines | Build established: Mutant 3324 | -10/Mines | Discovered new exit (range 7) 3686 | -10/Mines | Entered Exiles 3686 | -10/Exiles | Accompanied by 4 allies 3716 | -10/Exiles | Led the pair of lost Derelicts to a safe place 3729 | -10/Exiles | Met 8R-AWN 3755 | -10/Exiles | Met EX-HEX 3799 | -10/Exiles | Met EX-BIN 3827 | -10/Exiles | Aligned with FarCom system 3828 | -10/Exiles | Given EX-Vault access code 3875 | -10/Exiles | Opened EX-Vault 3883 | -10/Exiles | Found Trap Reconfigurator 3898 | -10/Exiles | Found Cloak of Protection 3919 | -10/Exiles | Found YOLO Cannon 3997 | -10/Exiles | Warned to stay clear of 0b10 Research branches 4234 | -10/Exiles | Met EX-DEC 4396 | -10/Exiles | Discovered new exit (range 14) 4422 | -10/Exiles | Stole three prototypes: Cloak of Protection, Trap Reconfigurator, YOLO Cannon 4422 | -10/Exiles | Entered Mines 4422 | -9/Mines | Accompanied by 2 allies 4423 | -9/Mines | Assembled infested the area 4425 | -9/Mines | Learned 2 Materials zone layouts 4428 | -9/Mines | Assisted by a Guerilla fighting off Assembled 4429 | -9/Mines | Received a Rocket Launcher from a helpful Derelict 4636 | -9/Mines | Lost 4 parts (1p1u2w) 4902 | -9/Mines | Found a Scrap Suit stashed away for nefarious purposes 4966 | -9/Mines | Core integrity fell below 50% 5532 | -9/Mines | Identified exit to Materials 5570 | -9/Mines | Found a damaged Exp. Sensor Array with a note attached 5574 | -9/Mines | Found Prototype Device 6065 | -9/Mines | Entered Materials 6065 | -8/Materials | Evolved 4 slots: Propulsion x2, Utility x1, Weapon x1 6067 | -8/Materials | Identified Exp. Sensor Array 6187 | -8/Materials | Discovered new exit (range 13) 6381 | -8/Materials | Repaired Lgt. Treads 6408 | -8/Materials | Repaired Lgt. Treads 6482 | -8/Materials | Build established: Skirmisher 6518 | -8/Materials | Repaired Exp. Sensor Array? 7682 | -8/Materials | Build established: Scavenger-Skirmisher 7915 | -8/Materials | Discovered new exit (range 9) 8384 | -8/Materials | Build established: Scavenger-Mutant 9150 | -8/Materials | Identified exit to Garrison 9150 | -8/Materials | Entered Garrison 9424 | -8/Garrison | Triggered checkpoint 9608 | -8/Garrison | Garrison Relay disabled 9626 | -8/Garrison | Garrison Relay disabled 9870 | -8/Garrison | Triggered checkpoint 9986 | -8/Garrison | Triggered checkpoint 10007 | -8/Garrison | Garrison Relay disabled 10049 | -8/Garrison | Discovered new exit (range 14) 10191 | -8/Garrison | Build established: Skirmisher 10402 | -8/Garrison | Triggered checkpoint 10504 | -8/Garrison | Discovered new exit (range 10) 10630 | -8/Garrison | Triggered checkpoint 10707 | -8/Garrison | Installed Relay Interface Framework 10820 | -8/Garrison | Entered Materials 12067 | -8/Materials | Build established: Scavenger-Skirmisher 12173 | -8/Materials | Discovered new exit (range 15) 12261 | -8/Materials | Repaired Nuclear Core 12322 | -8/Materials | Repaired Enh. Autogun 12760 | -8/Materials | Build established: Mutant 13002 | -8/Materials | Repaired Lgt. Treads+ 13647 | -8/Materials | Build established: Skirmisher 13792 | -8/Materials | Garrison activated, responded to threat 13798 | -8/Materials | Core integrity fell below 50% 14020 | -8/Materials | First assault squad dispatched 14154 | -8/Materials | Garrison activated, responded to threat 14490 | -8/Materials | Garrison activated, responded to threat 14534 | -8/Materials | Destroyed 8 combat bots 14905 | -8/Materials | Discovered new exit (range 10) 15019 | -8/Materials | Entered Factory 15019 | -7/Factory | Evolved 2 slots: Utility x2 15020 | -7/Factory | Identified exit to Storage 15021 | -7/Factory | FarCom data flow suspended 15070 | -7/Factory | Discovered new exit (range 10) 15181 | -7/Factory | Identified exit to DSF 15354 | -7/Factory | Identified exit to Factory 15547 | -7/Factory | Build established: Assassin 15568 | -7/Factory | Repaired Enh. Autogun 16208 | -7/Factory | Build established: Skirmisher 16307 | -7/Factory | Sucked down chute 16307 | -7/Factory | Entered Waste 16307 | -7/Waste | Spotted C-40 Crusher 16339 | -7/Waste | Spotted C-40 Crusher 16342 | -7/Waste | Spotted C-40 Crusher 16379 | -7/Waste | Spotted C-40 Crusher 16391 | -7/Waste | Spotted C-40 Crusher 16530 | -7/Waste | Spotted C-40 Crusher 16555 | -7/Waste | Destroyed C-40 Crusher 16580 | -7/Waste | Found Damper Plating 16713 | -7/Waste | Destroyed C-40 Crusher 16813 | -7/Waste | Destroyed C-40 Crusher 16910 | -7/Waste | Destroyed C-40 Crusher 17029 | -7/Waste | Build established: Scavenger-Tank 17081 | -7/Waste | Destroyed C-40 Crusher 17097 | -7/Waste | Destroyed C-40 Crusher 17501 | -7/Waste | Build established: Scavenger-Mutant 17552 | -7/Waste | Warlord forces began an assault 17703 | -7/Waste | Discovered new exit (range 11) 17875 | -7/Waste | Entered Factory 17875 | -7/Factory | Accompanied by 19 allies 18211 | -7/Factory | Build established: Scavenger-Tank 18241 | -7/Factory | Lost 3 allies 18531 | -7/Factory | Identified exit to Garrison 18534 | -7/Factory | Entered Garrison 18534 | -7/Garrison | Accompanied by 10 allies 18616 | -7/Garrison | Triggered checkpoint 18623 | -7/Garrison | Expanded RIF knowledge: Patrol Navigation 18648 | -7/Garrison | Garrison Relay disabled 18710 | -7/Garrison | Build established: Scavenger-Mutant 18722 | -7/Garrison | Triggered checkpoint 18732 | -7/Garrison | Triggered checkpoint 18768 | -7/Garrison | Triggered checkpoint 18774 | -7/Garrison | Destroyed 7 combat bots 18779 | -7/Garrison | Lost 5 allies 18900 | -7/Garrison | Lost 3 allies 18905 | -7/Garrison | Discovered new exit (range 12) 18920 | -7/Garrison | Triggered checkpoint 18960 | -7/Garrison | Garrison Relay disabled 19129 | -7/Garrison | Entered Factory 19129 | -7/Factory | Accompanied by 2 allies 19174 | -7/Factory | Identified exit to DSF 19944 | -7/Factory | Discovered new exit (range 5) 19951 | -7/Factory | Identified exit to Lower Caves 19995 | -7/Factory | Build established: Tank 20050 | -7/Factory | Identified exit to Garrison 20058 | -7/Factory | Entered Garrison 20214 | -7/Garrison | Garrison Relay disabled 20357 | -7/Garrison | Triggered checkpoint 20533 | -7/Garrison | Build established: Scavenger-Tank 20683 | -7/Garrison | Learned Factory security intel 20689 | -7/Garrison | Discovered exit to Factory (range 12) 20814 | -7/Garrison | Triggered checkpoint 20834 | -7/Garrison | Garrison Relay disabled 20997 | -7/Garrison | Lost 3 parts (1n1u1w) 21007 | -7/Garrison | Expanded RIF knowledge: Coupler Efficiency 21171 | -7/Garrison | Triggered checkpoint 21250 | -7/Garrison | Triggered checkpoint 21299 | -7/Garrison | Expanded RIF knowledge: Zone Cloak 21332 | -7/Garrison | Garrison Relay disabled 21450 | -7/Garrison | Entered Factory 21450 | -6/Factory | Evolved 2 slots: Utility x2 21703 | -6/Factory | Build established: Scavenger-Mutant 22084 | -6/Factory | Build established: Assassin 22414 | -6/Factory | Repaired Imp. Cooling System 23022 | -6/Factory | Discovered new exit (range 13) 23036 | -6/Factory | Identified exit to Factory 23080 | -6/Factory | Build established: Scavenger-Assassin 23490 | -6/Factory | Discovered exit to Factory (range 10) 23841 | -6/Factory | Discovered new exit (range 7) 23858 | -6/Factory | Identified exit to Lower Caves 23960 | -6/Factory | Discovered exit to Factory (range 9) 23991 | -6/Factory | Sucked down chute 23991 | -6/Factory | Entered Waste 24006 | -6/Waste | EMP discharged 24010 | -6/Waste | Spotted C-40 Crusher 24031 | -6/Waste | Spotted C-40 Crusher 24095 | -6/Waste | Spotted C-40 Crusher 24106 | -6/Waste | EMP discharged 24126 | -6/Waste | Spotted C-40 Crusher 24206 | -6/Waste | EMP discharged 24206 | -6/Waste | Spotted C-40 Crusher 24223 | -6/Waste | Spotted C-40 Crusher 24273 | -6/Waste | Build established: Scavenger-Tank 24306 | -6/Waste | EMP discharged 24369 | -6/Waste | Destroyed C-40 Crusher 24384 | -6/Waste | Found Damper Plating 24406 | -6/Waste | EMP discharged 24506 | -6/Waste | EMP discharged 24535 | -6/Waste | Destroyed C-40 Crusher 24606 | -6/Waste | EMP discharged 24706 | -6/Waste | EMP discharged 24737 | -6/Waste | Destroyed C-40 Crusher 24749 | -6/Waste | Discovered new exit (range 13) 24806 | -6/Waste | EMP discharged 24880 | -6/Waste | Destroyed C-40 Crusher 24906 | -6/Waste | EMP discharged 24960 | -6/Waste | Destroyed C-40 Crusher 25006 | -6/Waste | EMP discharged 25021 | -6/Waste | Destroyed C-40 Crusher 25106 | -6/Waste | EMP discharged 25206 | -6/Waste | EMP discharged 25306 | -6/Waste | EMP discharged 25324 | -6/Waste | System corruption reached 10% 25325 | -6/Waste | Entered Factory 25927 | -6/Factory | Build established: Scavenger-Assassin 27425 | -6/Factory | First assault squad dispatched 27600 | -6/Factory | Build established: Hacker-Tank 27634 | -6/Factory | Watched by a mysterious "MATRIX" hacker. 27905 | -6/Factory | Build established: Tank 28076 | -6/Factory | Identified exit to Garrison 28076 | -6/Factory | Entered Garrison 28098 | -6/Garrison | Triggered checkpoint 28110 | -6/Garrison | Triggered checkpoint 28124 | -6/Garrison | Triggered checkpoint 28210 | -6/Garrison | Garrison Relay disabled 28329 | -6/Garrison | Garrison Relay disabled 28452 | -6/Garrison | Triggered checkpoint 28763 | -6/Garrison | Build established: Scavenger-Tank 28791 | -6/Garrison | Found Relay Coupler [Proto] 29087 | -6/Garrison | Discovered exit to Factory (range 11) 29170 | -6/Garrison | Triggered checkpoint 29200 | -6/Garrison | Garrison Relay disabled 29276 | -6/Garrison | Triggered checkpoint 29330 | -6/Garrison | Garrison Relay disabled 29468 | -6/Garrison | Discovered exit to Factory (range 10) 29490 | -6/Garrison | Expanded RIF knowledge: Alert ID Control 29573 | -6/Garrison | Garrison Relay disabled 29646 | -6/Garrison | Triggered checkpoint 29703 | -6/Garrison | Discovered exit to Factory (range 10) 29732 | -6/Garrison | Triggered checkpoint 29750 | -6/Garrison | Found embedded Infiltrators 29790 | -6/Garrison | Garrison Relay disabled 29841 | -6/Garrison | Entered Factory 29841 | -5/Factory | Accompanied by 5 allies 29841 | -5/Factory | Evolved 2 slots: Propulsion x2 30141 | -5/Factory | First assault squad dispatched 30395 | -5/Factory | Sucked down chute 30395 | -5/Factory | Entered Waste 30395 | -5/Waste | Met up with 1 ally sucked down the chute earlier 30430 | -5/Waste | 3 allies followed down the chute 30450 | -5/Waste | Spotted C-40 Crusher 30455 | -5/Waste | 1 allies followed down the chute 30457 | -5/Waste | Spotted C-40 Crusher 30467 | -5/Waste | Spotted C-40 Crusher 30468 | -5/Waste | Spotted C-40 Crusher 30478 | -5/Waste | Allies destroyed C-40 Crusher 30484 | -5/Waste | Destroyed C-40 Crusher 30485 | -5/Waste | Allies destroyed C-40 Crusher 30572 | -5/Waste | Warlord forces began an assault 30589 | -5/Waste | Spotted C-40 Crusher 30592 | -5/Waste | Allies destroyed C-40 Crusher 30601 | -5/Waste | Destroyed C-40 Crusher 30623 | -5/Waste | Found Damper Plating 30639 | -5/Waste | Spotted C-40 Crusher 30640 | -5/Waste | Allies destroyed C-40 Crusher 30669 | -5/Waste | Found Unknown Device 30669 | -5/Waste | Identified Quantum Capacitor 30963 | -5/Waste | Discovered new exit (range 13) 31031 | -5/Waste | Identified exit to Factory 31063 | -5/Waste | Entered Factory 31063 | -5/Factory | Accompanied by 18 allies 31127 | -5/Factory | Repaired Remote Datajack 31307 | -5/Factory | Identified exit to Upper Caves 31340 | -5/Factory | Identified exit to Garrison 31397 | -5/Factory | Entered Garrison 31397 | -5/Garrison | Accompanied by 16 allies 31433 | -5/Garrison | Triggered checkpoint 31507 | -5/Garrison | Garrison Relay disabled 31584 | -5/Garrison | Triggered checkpoint 31615 | -5/Garrison | Triggered checkpoint 31616 | -5/Garrison | Triggered checkpoint 31681 | -5/Garrison | Lost 7 allies 31754 | -5/Garrison | Lost 3 allies 31789 | -5/Garrison | Triggered checkpoint 31871 | -5/Garrison | Garrison Relay disabled 31981 | -5/Garrison | Discovered new exit (range 15) 32005 | -5/Garrison | Identified exit to Factory 32021 | -5/Garrison | Expanded RIF knowledge: Zone Cloak 32034 | -5/Garrison | Entered Factory 32034 | -5/Factory | Accompanied by 3 allies 32164 | -5/Factory | Identified exit to Garrison 32167 | -5/Factory | Entered Garrison 32167 | -5/Garrison | Accompanied by 3 allies 32279 | -5/Garrison | Phase Generator disabled 32302 | -5/Garrison | Spotted Executioner 32311 | -5/Garrison | Destroyed Executioner 32497 | -5/Garrison | Found embedded Infiltrators 32937 | -5/Garrison | Triggered checkpoint 32942 | -5/Garrison | Garrison Relay disabled 33066 | -5/Garrison | Triggered checkpoint 33117 | -5/Garrison | Discovered new exit (range 9) 33149 | -5/Garrison | Triggered checkpoint 33188 | -5/Garrison | Garrison Relay disabled 33241 | -5/Garrison | Identified exit to Factory 33377 | -5/Garrison | Discovered exit to Factory (range 11) 33381 | -5/Garrison | Spotted B-90 Cyclops 33381 | -5/Garrison | Spotted B-75 Beast 33390 | -5/Garrison | Allies destroyed B-75 Beast 33460 | -5/Garrison | Expanded RIF knowledge: Structural Interface 33583 | -5/Garrison | Triggered checkpoint 33594 | -5/Garrison | Garrison Relay disabled 33630 | -5/Garrison | Entered Factory 33630 | -4/Factory | Accompanied by 2 allies 33630 | -4/Factory | Evolved 2 slots: Utility x1, Weapon x1 33959 | -4/Factory | Discovered new exit (range 8) 33970 | -4/Factory | Identified exit to Research 34010 | -4/Factory | Identified exit to DSF 34032 | -4/Factory | P-70 Sage assimilated allied CR-DSI(x) 34770 | -4/Factory | Found Prototype Processor 34770 | -4/Factory | Identified Exp. Signal Interpreter 34923 | -4/Factory | Allied Derelicts emerged from ambush trap array 35014 | -4/Factory | Discovered new exit (range 11) 35028 | -4/Factory | Identified exit to Upper Caves 35051 | -4/Factory | Discovered new exit (range 10) 35062 | -4/Factory | Identified exit to Extension 35063 | -4/Factory | Entered Extension 35585 | -4/Extension | Lost 8 parts (1p3n4u) 36017 | -4/Extension | Rescued a captive Derelict 36018 | -4/Extension | Rescued a captive Derelict 36058 | -4/Extension | Rescued A7 36097 | -4/Extension | Rescued a captive Derelict 36097 | -4/Extension | Rescued a captive Derelict 36302 | -4/Extension | Spotted B-86 Titan 36329 | -4/Extension | Allies destroyed B-86 Titan 36340 | -4/Extension | Spotted B-86 Titan 36359 | -4/Extension | Destroyed B-86 Titan 36361 | -4/Extension | Lost 4 allies 36558 | -4/Extension | Discovered exit to Research (range 16) 36558 | -4/Extension | Discovered new exit (range 16) 36563 | -4/Extension | First assault squad dispatched 36577 | -4/Extension | Extracted ID and sensor layout for unrecognized location from A7's data core 36591 | -4/Extension | Disrupted transfer network 36626 | -4/Extension | Destroyed 7 combat bots 36665 | -4/Extension | Identified exit to Cetus 36669 | -4/Extension | Entered Cetus 36669 | -4/Cetus | Accompanied by 2 allies 36695 | -4/Cetus | Spotted Cetus Guard 36695 | -4/Cetus | Spotted Cetus Guard 36697 | -4/Cetus | Spotted Cetus Guard 36697 | -4/Cetus | Spotted Cetus Guard 36711 | -4/Cetus | Destroyed Cetus Guard 36715 | -4/Cetus | Destroyed Cetus Guard 36723 | -4/Cetus | Destroyed Cetus Guard 36726 | -4/Cetus | Destroyed Cetus Guard 36752 | -4/Cetus | Lost 3 parts (3n) 36887 | -4/Cetus | Discovered exit to Research (range 16) 37222 | -4/Cetus | Discovered new exit (range 16) 37252 | -4/Cetus | Spotted Cetus Guard 37253 | -4/Cetus | Spotted Cetus Guard 37254 | -4/Cetus | Spotted Cetus Guard 37255 | -4/Cetus | Spotted Cetus Guard 37266 | -4/Cetus | Destroyed Cetus Guard 37273 | -4/Cetus | Destroyed Cetus Guard 37280 | -4/Cetus | Destroyed Cetus Guard 37291 | -4/Cetus | Destroyed Cetus Guard 37311 | -4/Cetus | Discovered exit to Research (range 16) 37327 | -4/Cetus | Met Revision 17 37393 | -4/Cetus | Identified exit to Archives 37397 | -4/Cetus | Entered Archives 37397 | -4/Archives | Accompanied by 1 ally 37566 | -4/Archives | Unable to access archive contents 37569 | -4/Archives | Discovered new exit (range 16) 37584 | -4/Archives | Discovered new exit (range 16) 37622 | -4/Archives | Discovered exit to Research (range 15) 37655 | -4/Archives | Unable to access archive contents 37684 | -4/Archives | Unable to access archive contents 37711 | -4/Archives | Unable to access archive contents 37980 | -4/Archives | Unable to access archive contents 38021 | -4/Archives | Identified exit to Hub_04(d) 38030 | -4/Archives | Entered Hub_04(d) 38030 | -4/Hub_04(d) | Accompanied by 2 allies 38083 | -4/Hub_04(d) | Identified exit to Garrison 38129 | -4/Hub_04(d) | Network Hub disabled 38151 | -4/Hub_04(d) | Spotted Lightning 38156 | -4/Hub_04(d) | Garrison activated, responded to threat 38162 | -4/Hub_04(d) | Spotted Lightning 38165 | -4/Hub_04(d) | Spotted Lightning 38168 | -4/Hub_04(d) | Spotted Lightning 38179 | -4/Hub_04(d) | Spotted Lightning 38185 | -4/Hub_04(d) | Spotted Lightning 38190 | -4/Hub_04(d) | Spotted Lightning 38191 | -4/Hub_04(d) | Destroyed Lightning 38208 | -4/Hub_04(d) | Destroyed Lightning 38251 | -4/Hub_04(d) | Destroyed Lightning 38265 | -4/Hub_04(d) | Destroyed Lightning 38286 | -4/Hub_04(d) | Destroyed 13 combat bots 38482 | -4/Hub_04(d) | Destroyed 7 combat bots 38511 | -4/Hub_04(d) | Network Hub disabled 38520 | -4/Hub_04(d) | Discovered exit to Research (range 5) 38530 | -4/Hub_04(d) | First assault squad dispatched 38532 | -4/Hub_04(d) | Entered Research 38532 | -3/Research | Evolved 2 slots: Power x1, Utility x1 38663 | -3/Research | Lost 3 parts (1u2w) 38732 | -3/Research | Revision forces began assault on 0b10 38775 | -3/Research | Met up with Revision 17++ 38945 | -3/Research | Imp. System Shield fried by hacking feedback 39232 | -3/Research | Research terminal network offline 39268 | -3/Research | Found Prototype Protection 39268 | -3/Research | Identified Centrium Heavy Armor Plating 39414 | -3/Research | Found Gamma Bomb Array 39735 | -3/Research | Spotted Striker 39777 | -3/Research | Destroyed Striker 39910 | -3/Research | Lost 23 parts (3p6n6u8w) 39977 | -3/Research | Lost 3 parts (1p1u1w) 39990 | -3/Research | Identified exit to Garrison 39990 | -3/Research | Entered Garrison 40019 | -3/Garrison | Lost 3 allies 40037 | -3/Garrison | Expanded RIF knowledge: Hotswap 40132 | -3/Garrison | Core integrity fell below 50% 40161 | -3/Garrison | Spotted B-86 Titan 40185 | -3/Garrison | Core integrity fell below 20% 40191 | -3/Garrison | Destroyed by L-61 Swordsman with Power Sword Last Messages --------------- 40144_ Penetrated by Slug. 40155_ Acquired Unknown Device. 40155_ Identified Adv. Weapon Cycler. 40156_ System corrupted: Component data lost. 40156_ Dropped Adv. Weapon Cycler. 40167_ S-43 Plague suffers critical hit (Destroy). 40167_ Destroyed Unknown Ballistic Gun. 40174_ Relay Coupler [Proto] destroyed. 40175_ Slug penetrates S-43 Plague. 40175_ Slug penetrates Wall. 40177_ Coil Gun destroyed. 40185_ S-43 Plague destroyed. 40187_ Slug penetrates Wall. 40187_ Penetrated by Slug. 40187_ Slug penetrates Wall. 40190_ S-43 Plague destroyed. [Achievement: 40k Club] [Achievement: 50k Club] [Achievement: Punisher] Map ----- +----------------------------------------------------+ | ?????????????????????????????????????????????????? | | ????????????????????+????????????????????????????? | | ?????????????????????????????????????????????????? | | ?????????????????????????????????????????????????? | | ?????????????????????????????+???????????????????? | | ?????????????????????????????????????????????????? | | ?????????????????????????????????????????????????? | | ?????????????????????????????????+???????????????? | | ??????????????????????????????????????????????+??? | | ??????????????????????????+??????????????????????? | | ?????????????????????????????????????????????????? | | ?????????????????????????????????????????????????? | | ?????????????????????????????+?????????? ???????? | | ???????????????????????????????????????? ???+?? | | ??????????????????????????????????????? ??????? | | ?????????????????????????????????????? #??????? | | ????????????????????????????????????## ???????? | | ???????????????????????????????????? ????????? | | ??????????????????????????????????? ?????????? | | ??????????????????????????????????? ??????????? | | ?????????????????????????????????? ???????????? | | ?????????????????????????????????? #???? #??????? | | ????????????????????????????????? ## ## #?? | | ?????????????????????############ ?? | | ?????????????????????# hl%g* " ?? | | ?????????????????????# ##@### ### #?? | | ??????????????++?????# ## #?# #??# ##""""## #??? | | ?????????#####++##???# ## ### #??# #????????????? | | ?????????#!!!!!!!????# ## !## ]??# #?+??????????? | | ?????????+ +???# ## !## ]??# #????????????? | | ??????????? ????# ## !## ]??# #????????????? | | ???????????? ????# ########??# #????????????? | | ?????????????# #????# #?????????# #????????????? | | ?????######### ######+########### #????????????? | | ?????# +????????????? | | ???# #????????????? | | ## ######### #????????????? | | ? #???????# #????????????? | | ?????# #???????# #????????????? | | ?????# #???????# #????????????? | | ?????# #???????# #????????????? | | ?????# #???????# #????????????? | | ?????# #???????# #????????????? | | ?????# #?####### #????????????? | | ?????# #?#"""" # #????????????? | | ?????# #?#" #????????????? | | ???### #?#"""" # #????????????? | | ??? #?####### #????????????? | | ?? ### #???????# #????????????? | | ?????# #???????# #????????????? | +----------------------------------------------------+ Best States ------------- Heat Dissipation 174 Energy Generation 45 Energy Capacity 600 Matter Stores 300 Matter Capacity 300 Sight Range 20 Robot Scan Range 20 Terrain Scan Density 10 Jamming Range 16 Cloak Strength 5 Additional Mass Support 12 Base Temperature (-) 200 EM Shielding 2 Armor Coverage 3200 Resistance: TH 10 Resistance: EM 90 Power Shielding 33 Propulsion Shielding 33 Weapon Shielding 66 Weapon Cycling 15 Evasion (%) 55 Target Analysis 5 Recoil Reduction 8 Particle Charging 15 Kinecelleration 40 Salvage Targeting 2 Offensive Hacking 20 Defensive Hacking 12 Relay Coupler Types 2 Relay Coupler Value 77 Trap Extractor Capacity 6 Item Schematics ----------------- Assault Rifle | -10/Mines | Hacked Robot Schematics ------------------ None Fabricated ------------ Nothing Repaired ---------- Lgt. Treads | 52% | -10/Materials Lgt. Treads | 26% | -8/Materials Lgt. Treads | 30% | -8/Materials Exp. Sensor Array | 62% | -8/Materials Nuclear Core | 2% | -8/Materials Enh. Autogun | 28% | -8/Materials Lgt. Treads | 37% | -8/Materials Enh. Autogun | 5% | -7/Factory Imp. Cooling System | 1% | -6/Factory Remote Datajack | 50% | -5/Factory Studied --------- Lgt. Treads | -8/Materials | Hacked Autogun | -8/Materials | Hacked Alien Tech Used ----------------- None Achievements -------------- 40k Club 50k Club All Kinds Of Bad News Beloved DIY Cooler Fancy Inventory Hackerman Immobile And Lovin' It Punisher Taming Of The Crushers That Tickles Turtlemind Challenges ------------ None Game ------ Seed PitchforkPulseModule Manual? 0 Play Time 06:30:19 Cumulative 194.6 hours Start 2026.02.28 @ 14:24:52 End 2026.03.02 @ 19:18:24 Sessions 30 Manual Loads 0 Difficulty Rogue Special Mode None Game No. 111 Rogue 107 Adventurer 4 Explorer 0 Win Type - Total 3 Types 2/0/0/1/0/0/0/0/0/0 Lore% 70 Gallery% 59 Achievement% 41 Wizard Run 0 Options --------- Layout 0 ASCII 0 Keyboard 1 Movement Vi Keybinds 0 Fullscreen 1 Font 24/Smallcaps Map View 76x50 Zoom Use 0% Tactical HUD 1 Map Filters NONE Filters NONE Steam 1 RUN: 1abd4094-15d2-4596-b4e0-e446ba02e691